Workbook

Sheet Escala valoraciones
A1: SATISFACTORIO | B1: 1
A2: CUASI SATISFACTORIO | B2: 0.7
A3: POCO SATISFACTORIO | B3: 0.35
A4: DEFICIENTE | B4: 0

Sheet Contenido
B1: COMISIÓN PERMANENTE DE PROGRAMAS DE POSGRADO
B3: Anexo 7: Rúbrica de valoración para el Modelo de Evaluación del Entorno de Aprendizaje para los programas de posgrado en el campo amplio de conocimiento de “Educación”
B6: CONTENIDO
B8: Rúbrica Programa Académico
B9: Rúbrica Cuerpo Académico
B10: Rúbrica Estudiantes y graduados
B11: Rúbrica Investigación
B12: Rúbrica Vinculación con la sociedad
B13: Rúbrica Gestión, recursos y aseguramiento de la calidad del programa
B14: Dirección de Evaluación y Acreditación de Universidades y Escuelas Politécnicas

Sheet Rub. Prog. Acad.
B1: Volver a Contenido
A3: CRITERIO | B3: SUBCRITERIO | C3: INDICADOR | D3: ESTÁNDAR | E3: ELEMENTO FUNDAMENTAL | F3: SATISFACTORIO (1) | G3: CUASI SATISFACTORIO (0,7) | H3: POCO SATISFACTORIO (0,35) | I3: DEFICIENTE (0) | J3: EQ. NUMÉRICA
A4: PROGRAMA ACADÉMICO | B4: ADMISIÓN | C4: ADMISIÓN Y/O INGRESO | D4: El programa cuenta con procesos de admisión y/o ingreso transparentes y consistentes con las políticas de admisión de la UEP, incorporan políticas de acción afirmativa, interculturalidad, inclusión e igualdad de oportunidades. Estos procesos se basan en criterios claros orientados hacia el cumplimiento del perfil de ingreso; además, deben estar planificados y contar con instrumentos pertinentes, para su ejecución y evaluación. Se consideran mecanismos de nivelación para los postulantes de los programas de posgrado que así lo requieran. | E4: 1. El programa promueve la transparencia del proceso de admisión y/o ingreso del postulante. | F4: El sitio web del programa contiene información sobre el proceso de admisión, políticas, formularios, instrumentos utilizados y los resultados del proceso de acuerdo con la política institucional. | G4: El sitio web del programa contiene información sobre el proceso de admisión, políticas, formularios, instrumentos utilizados pero no sobre los resultados del proceso de acuerdo con la política institucional. | H4: El sitio web del programa contiene solamente información sobre el proceso de admisión que incluye políticas y formularios. | I4: El sitio web del programa no cuenta con información sobre el proceso de admisión, políticas, formularios, instrumentos utilizados, así como tampoco de los resultados del proceso de acuerdo con la política institucional. | J4: =VLOOKUP(#REF!,'Escala valoraciones'!$A$1:$B$4,2,FALSE) -> #REF!
E5: 2. El proceso de admisión y/o ingreso al posgrado está alineado a las normativas institucionales, incluidas aquellas que promueven la interculturalidad y la acción afirmativa a favor de personas en condición de vulnerabilidad, grupos históricamente excluidos y grupos de atención prioritaria. | F5: El proceso de admisión responde a las normativas institucionales, incluyendo aquellas que promueven la interculturalidad, acciones afirmativas y de inclusión. | G5: El proceso de admisión responde a las normativas institucionales, incluyendo aquellas que promueven la interculturalidad, acciones afirmativas; sin embargo no considera lo relacionado con la inclusión. | H5: El proceso de admisión responde a las normativas institucionales, incluyendo aquellas que promueven la interculturalidad pero no lo relacionado con las acciones afirmativas y de inclusión. | I5: El proceso de admisión no responde a ninguna normativa o política institucional. | J5: =VLOOKUP(#REF!,'Escala valoraciones'!$A$1:$B$4,2,FALSE) -> #REF!
E6: 3. El programa declara un perfil de ingreso que incluye un conjunto de características como, por ejemplo, formación académica, requerimientos académicos, experiencia profesional, entre otros; que deben ser demostrados por los postulantes para ser admitidos al programa correspondiente. | F6: El programa presenta una declaración del perfil de ingreso que abarca diversas dimensiones, tales como formación académica, requisitos académicos y experiencia profesional. La declaración está alineada con los estándares académicos. Además, proporciona detalles específicos sobre las competencias y habilidades que se esperan de los postulantes. | G6: El programa presenta una declaración del perfil de ingreso que incluye aspectos tales como formación académica, requisitos académicos y experiencia profesional. Proporciona detalles generales sobre las competencias y habilidades que se esperan de los postulantes. | H6: El programa presenta una declaración del perfil de ingreso que incluye aspectos tales como formación académica, requisitos académicos y experiencia profesional . No proporciona detalles sobre las competencias y habilidades que se esperan de los postulantes. | I6: El programa no exige que los postulantes demuestren que cumplen con el perfil de ingreso declarado. | J6: =VLOOKUP(#REF!,'Escala valoraciones'!$A$1:$B$4,2,FALSE) -> #REF!
E7: 4.Los instrumentos para el proceso de admisión y/o ingreso como entrevistas, cartas de recomendación, cartas de motivación, propuesta de investigación, exámenes, entre otros, permiten evaluar el cumplimiento del perfil de ingreso declarado por el programa. | F7: El programa utiliza una variedad de instrumentos de evaluación, como entrevistas estructuradas, cartas de recomendación, cartas de motivación, propuestas de investigación y exámenes especializados. Estos instrumentos están diseñados para determinar que los postulantes cumplan de manera específica con el perfil de ingreso. | G7: El programa utiliza una variedad de instrumentos de evaluación, como entrevistas estructuradas, cartas de recomendación, cartas de motivación, propuestas de investigación y exámenes especializados. Estos instrumentos están diseñados para determinar que los postulantes cumplan de manera general con el perfil de ingreso. | H7: El programa utiliza instrumentos de evaluación en su proceso de admisión y/o ingreso, sin embargo, estos no están diseñados para determinar si los postulantes cumplen con el perfil de ingreso. | I7: El programa no cuenta con instrumentos de evaluación para su proceso de admisión y/o ingreso | J7: =VLOOKUP(#REF!,'Escala valoraciones'!$A$1:$B$4,2,FALSE) -> #REF!
E8: 5. La admisión y/o ingreso de los postulantes es el resultado de la aplicación rigurosa y transparente de los lineamientos establecidos e instrumentos de evaluación utilizados tales como: rúbricas, listas de cotejo, guías de evaluación, entre otros. | F8: El programa demuestra un proceso de admisión riguroso y transparente, aplicando los lineamientos establecidos. Utiliza rúbricas, listas de cotejo, guías de evaluación u otros instrumentos de evaluación específicos para cada fase del proceso. | G8: El programa demuestra un proceso de admisión riguroso y transparente, aplicando los lineamientos establecidos. No se evidencia la utilización de rúbricas, listas de cotejo, guías de evaluación u otros instrumentos de evaluación específicos para cada fase del proceso. | H8: El programa demuestra un proceso de admisión riguroso y transparente, sin embargo, no se evidencia la aplicación de los lineamientos establecidos ni la utilización de rúbricas, listas de cotejo, guías de evaluación u otros instrumentos de evaluación específicos para cada fase del proceso. | I8: El programa no demuestra un proceso de admisión que sea riguroso y transparente. | J8: =VLOOKUP(#REF!,'Escala valoraciones'!$A$1:$B$4,2,FALSE) -> #REF!
E9: 6. En los programas que lo requieran, las asignaturas, cursos, módulos o equivalentes de nivelación para los postulantes de los programas de posgrado deben aportar al cumplimiento del perfil de ingreso y los objetivos del programa. | F9: Las asignaturas, cursos, módulos o equivalentes de nivelación están diseñados para contribuir al cumplimiento del perfil de ingreso y los objetivos del programa. | G9: Las asignaturas, cursos, módulos o equivalentes de nivelación están diseñados para contribuir al cumplimiento del perfil de ingreso, sin embargo, no se evidencia alineación con los objetivos del programa. | H9: Las asignaturas, cursos, módulos o equivalentes de nivelación no contribuyen al cumplimiento del perfil de ingreso y no se evidencia alineación con los objetivos del programa. | I9: El programa no cuenta con asignaturas, cursos, módulos o equivalentes de nivelación a pesar de requerirlo. | J9: =VLOOKUP(#REF!,'Escala valoraciones'!$A$1:$B$4,2,FALSE) -> #REF!
B11: DISEÑO CURRICULAR E IMPLEMENTACIÓN | C11: PERFIL DE EGRESO | D11: El perfil de egreso es público, establece de manera clara los resultados de aprendizaje alcanzados por los estudiantes que culminen el programa. Además, este perfil responde a las demandas sociales y profesionales del campo de la educación. Se evalúa, revisa o actualiza involucrando a los diferentes grupos de interés del programa. | E11: 1. El perfil de egreso cuenta con un proceso de construcción que considera los requerimientos de las demandas sociales y profesionales del campo educativo. | F11: El programa demuestra la ejecución de un proceso estructurado para la construcción del perfil de egreso, el cual considera los requerimientos de las demandas sociales y profesionales del campo educativo. | G11: El programa demuestra la ejecución de un proceso para la construcción del perfil de egreso, el cual considera los requerimientos de las demandas sociales del campo educativo, sin embargo, no se evidencia que considere las demandas profesionales. | H11: El proceso de construcción del perfil de egreso no considera los requerimientos de las demandas sociales ni profesionales. | I11: El programa no cuenta con un proceso de construcción de su perfil de egreso. | J11: =VLOOKUP(#REF!,'Escala valoraciones'!$A$1:$B$4,2,FALSE) -> #REF!
E12: 2. El perfil de egreso determina de manera específica, los resultados de aprendizaje que se espera de los estudiantes en función de las necesidades y tendencias del sector de la educación. | F12: El perfil de egreso del programa especifica de manera detallada los resultados de aprendizaje esperados de los estudiantes. Estos resultados están vinculados a las necesidades y tendencias identificadas en el sector de la educación, lo cual refleja un entendimiento de las competencias y habilidades requeridas por los profesionales en el campo. | G12: El perfil de egreso del programa determina de manera general los resultados de aprendizaje esperados de los estudiantes. Estos resultados están vinculados a las necesidades, sin embargo, no se evidencia que considere las tendencias identificadas en el sector de la educación. | H12: El perfil de egreso del programa determina de manera general los resultados de aprendizaje esperados de los estudiantes, sin embargo, estos no están vinculados a las necesidades ni a las tendencias identificadas en el sector de la educación. | I12: El perfil de egreso no determina de manera general ni específica los resultados de aprendizaje esperados de los estudiantes. . | J12: =VLOOKUP(#REF!,'Escala valoraciones'!$A$1:$B$4,2,FALSE) -> #REF!
E13: 3. Cada asignatura, curso, módulo o equivalente que se imparte en el programa contribuye al logro del perfil de egreso. | F13: Cada asignatura, curso, módulo o equivalente del programa se diseña para contribuir al logro del perfil de egreso. La estructura y contenido de las asignaturas contribuyen al logro de los resultados de aprendizaje y la adquisición de las competencias requeridas. | G13: Cada asignatura, curso, módulo o equivalente del programa se diseña para contribuir al logro del perfil de egreso. La estructura y contenido de las asignaturas contribuyen al logro de los resultados de aprendizaje pero no a la adquisición de las competencias requeridas. | H13: Cada asignatura, curso, módulo o equivalente del programa se diseña para contribuir al logro del perfil de egreso. Sin embargo, existen deficiencias en cuanto a la estructura y contenido de las asignaturas, por lo que no se puede evidenciar que contribuyan al logro de los resultados de aprendizaje ni a la adquisición de las competencias requeridas. | I13: No se puede evidenciar que cada asignatura, curso, módulo o equivalente del programa contribuya al logro del perfil de egreso. Por ende, tampoco se puede evidenciar que contribuyan al logro de los resultados de aprendizaje ni a la adquisición de las competencias requeridas. | J13: =VLOOKUP(#REF!,'Escala valoraciones'!$A$1:$B$4,2,FALSE) -> #REF!
E14: 4. Existen procesos de evaluación de los resultados del perfil de egreso para su revisión o actualización considerando la participación de grupos de interés del programa: graduados, estudiantes, profesores, empleadores, entre otros. | F14: El programa cuenta con procesos sistemáticos de evaluación de los resultados del perfil de egreso. Estos incluyen mecanismos para la revisión o actualización periódica, con la participación de grupos de interés clave como graduados, estudiantes, profesores y empleadores. La retroalimentación de estos grupos se integra en la mejora continua del perfil de egreso. | G14: El programa cuenta con procesos de evaluación de los resultados del perfil de egreso. Estos incluyen mecanismos para la revisión o actualización periódica, con la participación de grupos de interés clave como graduados, estudiantes, profesores y empleadores, sin embargo, no se considera la retroalimentación de estos grupos para la mejora continua del perfil de egreso. | H14: El programa cuenta con procesos de evaluación de los resultados del perfil de egreso. Estos procesos incluyen mecanismos para la revisión y actualización periódica, pero no se evidencia la participación de grupos de interés clave como graduados, estudiantes, profesores y empleadores. | I14: El programa cuenta con procesos de evaluación de los resultados del perfil de egreso, sin embargo, estos procesos no incluyen mecanismos para la revisión o actualización periódica ni se evidencia la participación de grupos de interés. | J14: =VLOOKUP(#REF!,'Escala valoraciones'!$A$1:$B$4,2,FALSE) -> #REF!
E15: 5. El perfil de egreso está disponible a través de medios oficiales de la UEP para la comunidad académica, profesionales y la sociedad, en el que se detallan las competencias, habilidades, conocimientos, entre otros, que se adquiere al concluir el programa. | F15: El perfil de egreso del programa está accesible a través de medios oficiales de la UEP. El documento proporciona detalles específicos sobre competencias, habilidades, conocimientos y otros aspectos adquiridos al concluir el programa. La información es completa y disponible para la comunidad académica, profesionales y la sociedad en general. | G15: El perfil de egreso del programa está accesible a través de medios oficiales de la UEP. El documento proporciona información general sobre competencias, habilidades, conocimientos y otros aspectos adquiridos al concluir el programa. La información es completa y disponible para la comunidad académica y los profesionales. | H15: El perfil de egreso del programa está accesible a través de medios oficiales de la UEP. El documento proporciona información general sobre competencias, habilidades, conocimientos y otros aspectos adquiridos al concluir el programa. La información está disponible únicamente para la comunidad académica. | I15: El perfil de egreso del programa está accesible a través de medios oficiales de la UEP, no obstante, este no proporciona información sobre competencias, habilidades, conocimientos y otros aspectos adquiridos al concluir el programa. | J15: =VLOOKUP(#REF!,'Escala valoraciones'!$A$1:$B$4,2,FALSE) -> #REF!
E16: Para el caso de programas de doctorado, además se considera lo siguiente: 6. El programa declara competencias investigativas, comunicativas y aquellas requeridas para la comprensión de la Educación. | F16: El programa presenta una declaración de competencias que abarca aspectos investigativos, comunicativos y aquellos esenciales para la comprensión de la Educación. Estas competencias están definidas y alineadas con los estándares del campo. | G16: El programa presenta una declaración de competencias que abarca aspectos investigativos, comunicativos y aquellos esenciales para la comprensión de la Educación. Estas competencias están definidas; sin embargo no se evidencia que estén alineadas con los estándares del campo. | H16: El programa presenta una declaración de competencias que abarca aspectos investigativos, comunicativos y aquellos esenciales para la comprensión de la Educación. No obstante, estas competencias no están definidas y no se evidencia que estén alineadas con los estándares del campo. | I16: El programa presenta una declaración de competencias, pero, no se evidencia que abarque aspectos investigativos, comunicativos y aquellos esenciales para la comprensión de la Educación. | J16: =VLOOKUP(#REF!,'Escala valoraciones'!$A$1:$B$4,2,FALSE) -> #REF!
C18: PLAN DE ESTUDIOS O CURRÍCULO | D18: El plan de estudios o currículo considera el logro de los resultados de aprendizaje del perfil de egreso, a través de las asignaturas, cursos, módulos o equivalentes, demostrando la integración de actividades de aprendizaje; contempla la posibilidad de realizar estancias o actividades articuladas a estrategias de movilidad institucional, acordes con el campo de conocimiento de Educación, nivel de formación y modalidad de estudios. Cuenta con mecanismos para su diseño, revisión o actualización y seguimiento. | E18: 1. El diseño del plan de estudios o currículo se lo realiza en procesos participativos e involucra académicos y profesionales con experiencia en el campo de conocimiento del programa y hay coherencia de éste con el modelo educativo y/o pedagógico institucional. | F18: El diseño del plan de estudios o currículo se lleva a cabo mediante procesos participativos, involucrando a académicos y profesionales con experiencia en el campo de conocimiento del programa y existe coherencia con el modelo educativo y/o pedagógico institucional. | G18: El diseño del plan de estudios o currículo se lleva a cabo mediante procesos participativos, involucrando a académicos y profesionales con experiencia en el campo de conocimiento del programa, sin embargo, no se puede evidenciar que exista coherencia con el modelo educativo y/o pedagógico institucional. | H18: El diseño del plan de estudios o currículo se lleva a cabo mediante procesos participativos, involucrando a académicos, pero no a profesionales con experiencia en el campo de conocimiento del programa y no se evidencia que exista coherencia con el modelo educativo y/o pedagógico institucional. | I18: El diseño del plan de estudios o currículo no se realiza mediante procesos participativos y no existe coherencia con el modelo educativo y/o pedagógico institucional. | J18: =VLOOKUP(#REF!,'Escala valoraciones'!$A$1:$B$4,2,FALSE) -> #REF!
E19: 2. El plan de estudios o currículo demuestra coherencia entre los objetivos y resultados de aprendizaje de las asignaturas, cursos, módulos o equivalentes con el perfil de egreso. Además, demuestra integración de los contenidos en función del propósito de las asignaturas. | F19: Se evidencia que en el plan de estudios o currículo existe coherencia entre los objetivos y resultados de aprendizaje de las asignaturas, cursos, módulos o equivalentes con el perfil de egreso. Existe integración de los contenidos en función del propósito de las asignaturas. | G19: Se evidencia que en el plan de estudios o currículo existe coherencia entre los objetivos y resultados de aprendizaje de las asignaturas, cursos, módulos o equivalentes con el perfil de egreso. No obstante, no se puede evidenciar que existe integración de los contenidos en función del propósito de las asignaturas. | H19: Se evidencia que en el plan de estudios o currículo existe coherencia entre los objetivos de las asignaturas, cursos, módulos o equivalentes con el perfil de egreso, sin embargo, no existe coherencia con los resultados de aprendizaje. Además, no se puede evidenciar que exista integración de los contenidos en función del propósito de las asignaturas. | I19: Se evidencia que en el plan de estudios o currículo no existe coherencia entre los objetivos y resultados de aprendizaje de las asignaturas, cursos, módulos o equivalentes con el perfil de egreso. Además, no se puede evidenciar que existe integración de los contenidos en función del propósito de las asignaturas. | J19: =VLOOKUP(#REF!,'Escala valoraciones'!$A$1:$B$4,2,FALSE) -> #REF!
E20: 3. El plan de estudios o currículo organiza los contenidos considerando niveles de complejidad progresivos que permiten la interconexión entre ellos y el logro de los resultados de aprendizaje del perfil de egreso. | F20: La organización de contenidos del plan de estudios o currículo considera niveles de complejidad progresivos que facilitan la interconexión entre ellos y el logro de los resultados de aprendizaje del perfil de egreso. | G20: La organización de contenidos del plan de estudios o currículo considera niveles de complejidad progresivos que posibilitan la interconexión entre ellos pero no se evidencia que permitan el logro de los resultados de aprendizaje del perfil de egreso. | H20: La organización de contenidos del plan de estudios o currículo considera niveles de complejidad progresivos pero que no posibilitan la interconexión entre ellos ni permiten el logro de los resultados de aprendizaje del perfil de egreso. | I20: La organización de contenidos del plan de estudios o currículo no considera niveles de complejidad progresivos lo cual dificulta la interconexión entre ellos y no permite el logro de los resultados de aprendizaje del perfil de egreso. | J20: =VLOOKUP(#REF!,'Escala valoraciones'!$A$1:$B$4,2,FALSE) -> #REF!
E21: 4. El plan de estudios o currículo está articulado con los objetivos del programa y sus metas; así como, con las líneas de investigación y con los resultados de aprendizaje declarados en el perfil de egreso. | F21: El plan de estudios o currículo está articulado con: objetivos del programa y sus metas; líneas de investigación; y resultados de aprendizaje declarados en el perfil de egreso. | G21: El plan de estudios o currículo está articulado con: objetivos del programa y sus metas; y, líneas de investigación. | H21: El plan de estudios o currículo está articulado únicamente con los objetivos del programa y sus metas | I21: El plan de estudios o currículo no está articulado con los objetivos del programa y sus metas, las líneas de investigación ni con los resultados de aprendizaje declarados en el perfil de egreso. | J21: =VLOOKUP(#REF!,'Escala valoraciones'!$A$1:$B$4,2,FALSE) -> #REF!
E22: 5. El plan de estudios o currículo incluye en su formulación metodologías de enseñanza-aprendizaje alineadas con el modelo educativo y/o pedagógico institucional que aseguran el desarrollo del perfil de egreso. | F22: El plan de estudios o currículo incluye metodologías de enseñanza-aprendizaje definidas, las cuales se encuentran alineadas con el modelo educativo y/o pedagógico institucional. Estas metodologías aseguran el desarrollo del perfil de egreso, proporcionando experiencias de aprendizaje que promueven la adquisición de competencias y habilidades. | G22: El plan de estudios o currículo incluye metodologías de enseñanza-aprendizaje definidas, las cuales se encuentran alineadas con el modelo educativo y/o pedagógico institucional. Estas metodologías contribuyen al desarrollo del perfil de egreso, sin embargo, no proporcionan experiencias de aprendizaje que promuevan la adquisición de competencias y habilidades. | H22: El plan de estudios o currículo incluye metodologías de enseñanza-aprendizaje, las cuales no se encuentran alineadas con el modelo educativo y/o pedagógico institucional y por lo tanto no contribuyen al desarrollo del perfil de egreso ni proporcionan experiencias de aprendizaje que promuevan la adquisición de competencias y habilidades. | I22: El plan de estudios o currículo no incluye metodologías de enseñanza-aprendizaje. | J22: =VLOOKUP(#REF!,'Escala valoraciones'!$A$1:$B$4,2,FALSE) -> #REF!
E23: 6. El plan de estudios o currículo implica el uso de la tecnopedagogía como enfoque didáctico. | F23: El plan de estudios o currículo incorpora el uso de la tecnopedagogía como enfoque didáctico. Esta incorporación se realiza de manera sistemática en todas las etapas del plan de estudios. | G23: El plan de estudios o currículo incorpora el uso de la tecnopedagogía como enfoque didáctico. Esta incorporación se realiza de manera sistemática en las etapas iniciales del plan de estudios. | H23: El plan de estudios o currículo incorpora el uso de la tecnopedagogía como enfoque didáctico. Esta incorporación no se realiza de manera sistemática en las etapas del plan de estudios. | I23: El plan de estudios o currículo no incorpora el uso de la tecnopedagogía como enfoque didáctico. | J23: =VLOOKUP(#REF!,'Escala valoraciones'!$A$1:$B$4,2,FALSE) -> #REF!
E24: 7. El plan de estudios o currículo contempla estrategias institucionales que propicien la movilidad nacional e internacional para el fortalecimiento de las capacidades declaradas en el perfil de egreso. | F24: El plan de estudios o currículo contempla estrategias institucionales que propician la movilidad nacional e internacional para el fortalecimiento de las capacidades declaradas en el perfil de egreso. Las estrategias de movilidad se alinean con los objetivos del programa. | G24: El plan de estudios o currículo contempla estrategias institucionales que propician la movilidad nacional e internacional para el fortalecimiento de las capacidades declaradas en el perfil de egreso. Las estrategias de movilidad no se alinean con los objetivos del programa. | H24: El plan de estudios o currículo contempla estrategias institucionales que propician la movilidad nacional e internacional, sin embargo, estas no contribuyen al fortalecimiento de las capacidades declaradas en el perfil de egreso. Además, las estrategias de movilidad no se alinean con los objetivos del programa. | I24: El plan de estudios o currículo no contempla estrategias institucionales que propicien la movilidad nacional e internacional. | J24: =VLOOKUP(#REF!,'Escala valoraciones'!$A$1:$B$4,2,FALSE) -> #REF!
E25: 8. Existen procesos para la revisión o actualización del plan de estudios o currículo mediante ajustes sustantivos y/o no sustantivos, que consideran la participación de grupos de interés del programa: graduados, estudiantes, profesores, empleadores, entre otros. | F25: Existen procesos sistemáticos para la revisión o actualización del plan de estudios o currículo, que consideran ajustes sustantivos y/o no sustantivos. Existe participación de grupos de interés del programa, incluyendo graduados, estudiantes, profesores y empleadores y su retroalimentación se utiliza para la mejora continua. | G25: Existen procesos sistemáticos para la revisión o actualización del plan de estudios o currículo, que consideran ajustes sustantivos y/o no sustantivos. Existe participación de grupos de interés del programa, incluyendo graduados, estudiantes, profesores y empleadores, pero su retroalimentación no se utiliza para la mejora continua. | H25: Existen procesos sistemáticos para la revisión o actualización del plan de estudios o currículo, que consideran ajustes sustantivos y/o no sustantivos. No existe participación de grupos de interés del programa (graduados, estudiantes, profesores y empleadores). | I25: No existen procesos sistemáticos para la revisión o actualización del plan de estudios o currículo, que consideren ajustes sustantivos y/o no sustantivos. No existe participación de grupos de interés del programa (graduados, estudiantes, profesores y empleadores). | J25: =VLOOKUP(#REF!,'Escala valoraciones'!$A$1:$B$4,2,FALSE) -> #REF!
C27: SYLLABUS | D27: El syllabus de cada asignatura, curso, módulo o su equivalente contribuye al cumplimiento del perfil de egreso, guarda relación con el plan de estudios o currículo y garantiza el logro de los resultados de aprendizaje. Se difunde a los estudiantes de manera oportuna y existen mecanismos para monitorear su ejecución y actualización. | E27: 1. Los resultados de aprendizaje de las asignaturas, cursos, módulos o sus equivalentes que constan en el syllabus, son afirmaciones verificables de lo que un estudiante debe conocer, comprender y ser capaz de hacer luego de cursarla. | F27: Los resultados de aprendizaje son afirmaciones verificables de lo que un estudiante debe conocer, comprender y ser capaz de hacer luego de cursar una asignatura, curso, módulo o su equivalente. | G27: Los resultados de aprendizaje son afirmaciones verificables que abarcan dos de los siguientes aspectos: lo que un estudiante debe conocer, comprender y ser capaz de hacer luego de cursar una asignatura, curso, módulo o su equivalente. | H27: Los resultados de aprendizaje son afirmaciones verificables que abarcan solo uno de los siguientes aspectos: lo que un estudiante debe conocer, comprender y ser capaz de hacer luego de cursar una asignatura, curso, módulo o su equivalente. | I27: Los resultados de aprendizaje no contemplan ninguno de los siguientes aspectos: lo que un estudiante debe conocer, comprender y ser capaz de hacer luego de cursar una asignatura, curso, módulo o su equivalente. | J27: =VLOOKUP(#REF!,'Escala valoraciones'!$A$1:$B$4,2,FALSE) -> #REF!
E28: 2. El syllabus de la asignatura, curso, módulo o equivalente muestra una relación coherente con el modelo educativo y/o pedagógico institucional, el perfil de egreso y el plan de estudios o currículo. | F28: El syllabus muestra una relación coherente con el modelo educativo y/o pedagógico institucional, el perfil de egreso y el plan de estudios o currículo. | G28: El syllabus muestra una relación coherente con el modelo educativo y/o pedagógico institucional y con el perfil de egreso. | H28: El syllabus muestra una relación coherente únicamente con el modelo educativo y/o pedagógico institucional. | I28: El syllabus no muestra una relación coherente con el modelo educativo y/o pedagógico institucional, el perfil de egreso ni con el plan de estudios o currículo. | J28: =VLOOKUP(#REF!,'Escala valoraciones'!$A$1:$B$4,2,FALSE) -> #REF!
E29: 3. El syllabus muestra mecanismos, procesos y/o procedimientos para el desarrollo de los componentes de organización del aprendizaje (en contacto con el docente, autónomo y práctico experimental) de las asignaturas, cursos, módulos o sus equivalentes de acuerdo con la modalidad de estudio del programa. | F29: El syllabus de las asignaturas, cursos, módulos o sus equivalentes muestra mecanismos, procesos y/o procedimientos para el desarrollo de los componentes de organización del aprendizaje (en contacto con el docente, autónomo y práctico experimental) de acuerdo con la modalidad de estudio del programa. | G29: El syllabus de las asignaturas, cursos, módulos o sus equivalentes muestra mecanismos, procesos y/o procedimientos para el desarrollo de los componentes de organización del aprendizaje (en contacto con el docente y autónomo pero no práctico experimental) de acuerdo con la modalidad de estudio del programa. | H29: El syllabus de las asignaturas, cursos, módulos o sus equivalentes muestra mecanismos, procesos y/o procedimientos para el desarrollo de los componentes de organización del aprendizaje (en contacto con el docente, pero no autónomo ni práctico experimental) de acuerdo con la modalidad de estudio del programa. | I29: El syllabus de las asignaturas, cursos, módulos o sus equivalentes muestra mecanismos, procesos y/o procedimientos para el desarrollo de los componentes de organización del aprendizaje (únicamente en contacto con el docente) que no están de acuerdo con la modalidad de estudio del programa. | J29: =VLOOKUP(#REF!,'Escala valoraciones'!$A$1:$B$4,2,FALSE) -> #REF!
E30: 4. El syllabus es público y accesible para estudiantes y profesores del programa y, existen mecanismos de difusión a los estudiantes antes del inicio del periodo de clases. | F30: El syllabus es público y accesible para estudiantes y profesores del programa. Se implementan mecanismos efectivos para la difusión del syllabus a los estudiantes antes del inicio del periodo de clases. | G30: El syllabus es público y accesible para estudiantes y profesores del programa. Se han implementado mecanismos para la difusión del syllabus a los estudiantes, pero posterior al inicio del periodo de clases. | H30: El syllabus es público y accesible para estudiantes y profesores del programa. No se han implementado mecanismos para la difusión del syllabus a los estudiantes. | I30: El syllabus no es público ni accesible para estudiantes y profesores del programa y no se han implementado mecanismos para su difusión. | J30: =VLOOKUP(#REF!,'Escala valoraciones'!$A$1:$B$4,2,FALSE) -> #REF!
E31: 5. Las estrategias de evaluación planificadas en el syllabus de cada asignatura, curso, módulos o equivalentes guardan relación con los resultados de aprendizaje y utilizan instrumentos de evaluación acordes con la actividad prevista. | F31: Las estrategias de evaluación planificadas en el syllabus de cada asignatura, curso, módulos o equivalentes están relacionadas con los resultados de aprendizaje. Se utilizan instrumentos de evaluación acorde con las actividades previstas y orientados al cumplimiento de los objetivos de aprendizaje. | G31: Las estrategias de evaluación planificadas en el syllabus de cada asignatura, curso, módulos o equivalentes están relacionadas con los resultados de aprendizaje. Se utilizan instrumentos de evaluación acorde con las actividades previstas pero que no están orientados al cumplimiento de los objetivos de aprendizaje. | H31: Las estrategias de evaluación planificadas en el syllabus de cada asignatura, curso, módulos o equivalentes están relacionadas con los resultados de aprendizaje. Los instrumentos de evaluación utilizados no están acorde con las actividades previstas ni orientados al cumplimiento de los objetivos de aprendizaje. | I31: Las estrategias de evaluación planificadas en el syllabus de cada asignatura, curso, módulos o equivalentes no están relacionadas con los resultados de aprendizaje. Los instrumentos de evaluación utilizados no están acorde con las actividades previstas ni orientados al cumplimiento de los objetivos de aprendizaje. | J31: =VLOOKUP(#REF!,'Escala valoraciones'!$A$1:$B$4,2,FALSE) -> #REF!
E32: Para los programas en línea, a distancia o híbridos, además contemplará: 6. El diseño instruccional de la asignatura, cursos, módulos o equivalentes da cuenta del desarrollo de las actividades de enseñanza-aprendizaje. | F32: El diseño instruccional da cuenta del desarrollo de las actividades de enseñanza-aprendizaje. Existe una planificación que integra estrategias pedagógicas, recursos educativos y evaluación. El diseño es coherente con los objetivos de aprendizaje y el perfil de egreso. | G32: El diseño instruccional da cuenta del desarrollo de las actividades de enseñanza-aprendizaje. Existe una planificación que integra estrategias pedagógicas, recursos educativos y evaluación. El diseño guarda coherencia con los objetivos de aprendizaje pero no con el perfil de egreso. | H32: El diseño instruccional da cuenta del desarrollo de las actividades de enseñanza-aprendizaje. Existe una planificación que integra estrategias pedagógicas, recursos educativos y evaluación. El diseño no guarda coherencia con los objetivos de aprendizaje ni con el perfil de egreso. | I32: El diseño instruccional da cuenta del desarrollo de las actividades de enseñanza-aprendizaje. Sin embargo, no existe una planificación que integre estrategias pedagógicas, recursos educativos ni evaluación. El diseño no guarda coherencia con los objetivos de aprendizaje ni con el perfil de egreso. | J32: =VLOOKUP(#REF!,'Escala valoraciones'!$A$1:$B$4,2,FALSE) -> #REF!
E33: 7. El programa cuenta con guías didácticas específicas, recursos multimedia y recursos en la web que apoyan el desarrollo de las actividades planificadas y el logro de los objetivos de las asignaturas en concordancia con el modelo pedagógico. | F33: El programa cuenta con guías didácticas específicas, recursos multimedia y recursos en la web para apoyar el desarrollo de las actividades planificadas y el logro de los objetivos de las asignaturas, todo esto en correspondencia con el modelo pedagógico. | G33: El programa cuenta con guías didácticas específicas, recursos multimedia y recursos en la web para apoyar el desarrollo de las actividades planificadas y el logro de los objetivos de las asignaturas; sin embargo no se evidencia la correspondencia con el modelo pedagógico. | H33: El programa cuenta con guías didácticas específicas, recursos multimedia y recursos en la web para apoyar el desarrollo de las actividades planificadas; sin embargo no se evidencia la contribución al logro de los objetivos de las asignaturas ni la correspondencia con el modelo pedagógico. | I33: El programa cuenta con guías didácticas específicas, recursos multimedia y recursos en la web, sin embargo, no se evidencia que estos apoyen el desarrollo de las actividades planificadas, su contribución al logro de los objetivos de las asignaturas, ni que todo esto esté en correspondencia con el modelo pedagógico. | J33: =VLOOKUP(#REF!,'Escala valoraciones'!$A$1:$B$4,2,FALSE) -> #REF!
B35: TITULACIÓN | C35: PROCESO DE TITULACIÓN | D35: El programa de posgrado se articula con las políticas institucionales y ejecuta procesos o procedimientos de titulación transparentes que contribuyen al logro de los resultados del perfil de egreso definido, los mismos que incluyen tutorías o acompañamiento continuo al estudiante. La ejecución de las políticas y procedimientos es evaluada y monitoreada periódicamente. | E35: 1. La institución cuenta con procesos, procedimientos, guías o instructivos, entre otros, para el desarrollo de los procesos de titulación del posgrado. | F35: La institución cuenta con procesos, procedimientos, guías o instructivos para el desarrollo de los procesos de titulación del programa de posgrado. Estos documentos son conocidos por los miembros de la comunidad académica y constan en el sitio web del programa. | G35: La institución cuenta con procesos, procedimientos, guías o instructivos para el desarrollo de los procesos de titulación del programa de posgrado. Estos documentos son conocidos por los miembros de la comunidad académica pero no constan en el sitio web del programa. | H35: La institución cuenta con procesos, procedimientos, guías o instructivos para el desarrollo de los procesos de titulación del programa de posgrado. Estos documentos no son conocidos por los miembros de la comunidad académica ni constan en el sitio web del programa. | I35: La institución no cuenta con procesos, procedimientos, guías o instructivos para el desarrollo de los procesos de titulación del programa de posgrado. | J35: =VLOOKUP(#REF!,'Escala valoraciones'!$A$1:$B$4,2,FALSE) -> #REF!
E36: 2. El programa define mecanismos para la asignación de tutores para el proceso de titulación. En el caso de programas de doctorado, deberá contemplarse lo establecido en la normativa vigente. | F36: El programa define de manera específica, mecanismos para la asignación de tutores en el proceso de titulación. Estos mecanismos garantizan que se asigne un tutor para cada estudiante. En el caso de programas de doctorado, se respeta lo establecido en la normativa vigente. | G36: El programa define de manera general, mecanismos para la asignación de tutores en el proceso de titulación. Estos mecanismos, sin embargo, no garantizan que se asigne un tutor para cada estudiante. En el caso de programas de doctorado, se respeta lo establecido en la normativa vigente. | H36: El programa no cuenta con mecanismos para la asignación de tutores en el proceso de titulación. En el caso de programas de doctorado, se respeta lo establecido en la normativa vigente. | I36: El programa no realiza la asignación de tutores en el proceso de titulación. En el caso de programas de doctorado, no se respeta lo establecido en la normativa vigente. | J36: =VLOOKUP(#REF!,'Escala valoraciones'!$A$1:$B$4,2,FALSE) -> #REF!
E37: 3. El cumplimiento de las políticas y procedimientos de titulación es evaluado y monitoreado con la periodicidad establecida por la UEP. | F37: La UEP ha establecido la periodicidad para la evaluación y monitoreo del cumplimiento de las políticas y procedimientos de titulación. | G37: La UEP ha establecido la periodicidad para la evaluación pero no para el monitoreo del cumplimiento de las políticas y procedimientos de titulación. | H37: La UEP no ha establecido la periodicidad para la evaluación ni para el monitoreo del cumplimiento de las políticas y procedimientos de titulación. | I37: La UEP no realiza la evaluación ni el monitoreo del cumplimiento de las políticas y procedimientos de titulación. | J37: =VLOOKUP(#REF!,'Escala valoraciones'!$A$1:$B$4,2,FALSE) -> #REF!

Sheet Rub. Cuerpo Acad. 
B1: Volver a Contenido
A3: CRITERIO | B3: SUBCRITERIO | C3: INDICADOR | D3: ESTÁNDAR | E3: ELEMENTO FUNDAMENTAL | F3: SATISFACTORIO (1) | G3: CUASI SATISFACTORIO (0,7) | H3: POCO SATISFACTORIO (0,35) | I3: DEFICIENTE (0)
A4: CUERPO ACADÉMICO | B4: SUFICIENCIA Y COMPOSICIÓN | C4: PERFIL ACADÉMICO DEL PROFESOR | D4: El cuerpo académico tiene formación de posgrado afín con las asignaturas, cursos, módulos o equivalentes, experiencia académica e investigativa. En el caso de los profesores vinculados con el programa, la instancia institucional correspondiente desarrolla un proceso de selección que garantiza la pertinencia del perfil del cuerpo académico. | E4: 1. El programa ejecuta un proceso ordenado, abierto y transparente para seleccionar e incorporar a los integrantes de su cuerpo académico, de acuerdo con los requisitos establecidos institucionalmente y alineado a la normativa de educación superior, que garantiza la igualdad de oportunidades. | F4: El programa ejecuta un proceso ordenado, abierto y transparente para seleccionar e incorporar a los integrantes de su cuerpo académico, de acuerdo con los requisitos establecidos institucionalmente y alineado a la normativa de educación superior, que garantiza la igualdad de oportunidades. | G4: El programa ejecuta un proceso para seleccionar e incorporar a los integrantes de su cuerpo académico, de acuerdo con los requisitos establecidos institucionalmente pero no se encuentra alineado a la normativa de educación superior, que garantiza la igualdad de oportunidades. | H4: El programa ejecuta un proceso para seleccionar e incorporar a los integrantes de su cuerpo académico, pero no está de acuerdo con los requisitos establecidos institucionalmente ni se encuentra alineado a la normativa de educación superior, que garantiza la igualdad de oportunidades. | I4: El programa no ejecuta un proceso para seleccionar e incorporar a los integrantes de su cuerpo académico.
E5: 2. El programa cuenta con profesores cuyo perfil está respaldado por su formación académica en el campo de conocimiento y que es afín con las asignaturas, cursos, módulos o equivalentes que imparten; en concordancia con la propuesta académica del programa. | F5: El programa cuenta con profesores cuyo perfil está respaldado por su formación académica en el campo de conocimiento y que es afín con las asignaturas, cursos, módulos o equivalentes que imparten; en concordancia con la propuesta académica del programa. | G5: El programa cuenta con profesores cuyo perfil está respaldado por su formación académica en el campo de conocimiento pero no es afín con las asignaturas, cursos, módulos o equivalentes que imparten. | H5: El programa cuenta con profesores cuyo perfil no está respaldado por su formación académica en el campo de conocimiento pero es afín con las asignaturas, cursos, módulos o equivalentes que imparten. | I5: El programa cuenta con profesores cuyo perfil no está respaldado ni por su formación académica en el campo de conocimiento y tampoco es afín con las asignaturas, cursos, módulos o equivalentes que imparten.
E6: 3. El programa cuenta con profesores que tienen experiencia profesional en consonancia con las asignaturas, cursos, módulos o equivalentes que imparten. | F6: Todos los profesores del programa tienen experiencia profesional relacionada a las asignaturas, cursos, módulos o equivalentes que imparten. Esto contribuye al cumplimiento de los objetivos del programa y a la mejora continua. | G6: Todos los profesores del programa tienen experiencia profesional relacionada a las asignaturas, cursos, módulos o equivalentes que imparten. Esto contribuye al cumplimiento de los objetivos del programa, no obstante, no se evidencia que haya contribuido a la mejora continua. | H6: Los profesores del programa tienen experiencia profesional relacionada a las asignaturas, cursos, módulos o equivalentes que imparten. Sin embargo, no se evidencia que esto haya contribuido al cumplimiento de los objetivos del programa, ni a la mejora continua. | I6: Los profesores del programa no tienen experiencia profesional relacionada a las asignaturas, cursos, módulos o equivalentes que imparten.
E7: 4. Los profesores del programa cuentan con experiencia investigativa relacionada con las asignaturas, cursos, módulos o equivalentes que imparten. | F7: Todos los profesores del programa tienen experiencia investigativa relacionada a las asignaturas, cursos, módulos o equivalentes que imparten. Esto contribuye al cumplimiento de los objetivos del programa y a la mejora continua. | G7: Todos los profesores del programa tienen experiencia investigativa relacionada a las asignaturas, cursos, módulos o equivalentes que imparten. Esto contribuye al cumplimiento de los objetivos del programa, no obstante, no se evidencia que haya contribuido a la mejora continua. | H7: Los profesores del programa tienen experiencia investigativa relacionada a las asignaturas, cursos, módulos o equivalentes que imparten. Sin embargo, no se evidencia que esto haya contribuido al cumplimiento de los objetivos del programa, ni a la mejora continua. | I7: Los profesores del programa no tienen experiencia investigativa relacionada a las asignaturas, cursos, módulos o equivalentes que imparten.
E8: 5. El programa distribuye las actividades del cuerpo académico de acuerdo con sus necesidades y el perfil profesional del profesor. | F8: El programa distribuye las actividades del cuerpo académico, considerando sus necesidades individuales y el perfil profesional de cada profesor. La distribución asegura una carga equitativa para cada miembro del cuerpo académico. | G8: El programa distribuye las actividades del cuerpo académico, considerando sus necesidades individuales y el perfil profesional de cada profesor. La distribución no asegura una carga equitativa para cada miembro del cuerpo académico. | H8: El programa distribuye las actividades del cuerpo académico, considerando sus necesidades individuales pero no el perfil profesional de cada profesor. La distribución no asegura una carga equitativa para cada miembro del cuerpo académico. | I8: El programa no distribuye las actividades del cuerpo académico, considerando sus necesidades individuales ni el perfil profesional de cada profesor.
E9: Para el caso de programas de doctorado, además se considera lo siguiente: 6. El programa demuestra que su cuerpo académico ha participado en actividades de docencia, investigación o gestión académica en el marco de redes o proyectos conjuntos con universidades nacionales o extranjeras. | F9: El programa demuestra que su cuerpo académico ha participado en actividades de docencia, investigación o gestión académica en el marco de redes o proyectos conjuntos con universidades nacionales o extranjeras. Se han realizado colaboraciones en producción de alto impacto que fortalecen la calidad y relevancia de las actividades académicas. | G9: El programa demuestra que su cuerpo académico ha participado en actividades de docencia, investigación o gestión académica en el marco de redes o proyectos conjuntos con universidades nacionales o extranjeras. Se han realizado colaboraciones que fortalecen la calidad y relevancia de las actividades académicas. | H9: El programa demuestra que su cuerpo académico ha participado en actividades de docencia, investigación o gestión académica de forma aislada, es decir no se encuentran en el marco de redes o proyectos conjuntos con universidades nacionales o extranjeras. | I9: El programa no demuestra que su cuerpo académico ha participado en actividades de docencia, investigación o gestión académica de forma conjunta con universidades nacionales o extranjeras.
C11: AFINIDAD CON ASIGNATURAS, CURSOS, MÓDULOS O EQUIVALENTES | D11: Estándar para programas de especialización y maestría académica: El programa cuenta con al menos el 80 % de las asignaturas, cursos, módulos o equivalentes afines con la formación académica de los profesores que las imparten. Estándar para programas de doctorado: El programa cuenta con el 100 % de asignaturas, cursos, módulos o equivalentes afines con la formación de doctorado de los profesores que las imparten. | E11: Indicador cuantitativo cuyo cumplimiento se determina mediante el uso de una función de utilidad definida con base en el desempeño de todos los programas de un determinado campo de conocimiento evaluados en un mismo proceso.
C13: PROFESORES A TIEMPO COMPLETO | D13: Estándar para programas de especialización y maestría académica: El programa cuenta con al menos un 50% de profesores a tiempo completo de la institución que están vinculados con el programa, lo que permite el normal desarrollo de su oferta académica y garantiza la continuidad y articulación del posgrado con las funciones sustantivas. Estándar para programas de doctorado: El programa de doctorado cuenta con al menos ocho (8) profesores titulares con dedicación a tiempo completo lo que permite el normal desarrollo de su oferta académica y la actividad investigadora. | E13: Indicador cuantitativo cuyo cumplimiento se determina mediante el uso de una función de utilidad definida con base en el desempeño de todos los programas de un determinado campo de conocimiento evaluados en un mismo proceso.
C15: RELACIÓN DE TUTORIAS POR PROFESOR | D15: Estándar para programas de doctorado: Cada profesor podrá ser tutor de máximo tres (3) tesis doctorales o su equivalente entre tutorías y/o cotutorías de acuerdo con la normativa vigente. | E15: Indicador cuantitativo cuyo cumplimiento se determina mediante el uso de una función de utilidad definida con base en el desempeño de todos los programas de un determinado campo de conocimiento evaluados en un mismo proceso.
B17: GESTIÓN ACADÉMICA | C17: DESARROLLO Y CAPACITACIÓN | D17: La institución cuenta con normativa, procesos o procedimientos para el desarrollo y capacitación integral del cuerpo académico que incluye a los profesores del programa de posgrado. Los profesores tienen acceso a planes de desarrollo y capacitación de acuerdo con las necesidades de cada programa, asignatura, curso, módulo o equivalente, y estos están articulados a la planificación institucional. El programa de posgrado o la instancia institucional correspondiente realiza un seguimiento de las acciones de capacitación y desarrollo del cuerpo académico. | E17: 1. La institución cuenta con normativa, procesos o procedimientos que promueven el desarrollo y capacitación integral de los profesores del programa de posgrado. | F17: La institución cuenta con normativa, procesos y procedimientos que promueven el desarrollo y capacitación integral de los profesores del programa de posgrado. Existen iniciativas definidas que aseguran una formación continua, actualización en las tendencias educativas y fortalecimiento de habilidades pedagógicas y de investigación. | G17: La institución cuenta con normativa, procesos y procedimientos que promueven el desarrollo y capacitación integral de los profesores del programa de posgrado. Sin embargo, no existen iniciativas definidas que aseguran una formación continua, actualización en las tendencias educativas y fortalecimiento de habilidades pedagógicas y de investigación. | H17: La institución cuenta con normativa, procesos y procedimientos que promueven el desarrollo pero no la capacitación integral de los profesores del programa de posgrado. | I17: La institución no cuenta con normativa, procesos y procedimientos que promueven el desarrollo ni la capacitación integral de los profesores del programa de posgrado.
E18: 2. Los profesores del programa de posgrado son informados sobre los procesos específicos de capacitación o actualización profesional de acuerdo con los propósitos del programa, así como de las asignaturas, cursos, módulos o equivalentes que son impartidos por ellos. | F18: Los profesores del programa de posgrado son informados sobre los procesos específicos de capacitación o actualización profesional. Reciben información relacionada a los propósitos del programa, así como a las asignaturas, cursos, módulos o equivalentes que imparten. | G18: Los profesores del programa de posgrado son informados sobre los procesos de capacitación o actualización profesional. Reciben información relacionada a los propósitos del programa pero no a las asignaturas, cursos, módulos o equivalentes que imparten. | H18: Los profesores del programa de posgrado son informados sobre los procesos de capacitación o actualización profesional de manera general. No reciben información relacionada a los propósitos del programa ni las asignaturas, cursos, módulos o equivalentes que imparten. | I18: Los profesores del programa de posgrado no son informados sobre los procesos de capacitación o actualización profesional.
E19: 3. La instancia institucional correspondiente, cuenta con un plan integral de capacitación para el cuerpo académico de posgrado acorde con la oferta académica (investigación, pedagogía y didáctica, tecnopedagogía), y, otras temáticas requeridas de acuerdo con el propósito y objetivos del programa de posgrado. | F19: La instancia institucional correspondiente, cuenta con un plan integral de capacitación para el cuerpo académico de posgrado acorde con la oferta académica (investigación, pedagogía y didáctica, tecnopedagogía), y, otras temáticas requeridas de acuerdo con el propósito y objetivos del programa de posgrado. | G19: La instancia institucional correspondiente, cuenta con un plan integral de capacitación para el cuerpo académico de posgrado acorde con la oferta académica (investigación, pedagogía y didáctica, tecnopedagogía), pero no se encuentra acorde a otras temáticas requeridas ni a los objetivos del programa de posgrado. | H19: La instancia institucional correspondiente, cuenta con un plan integral de capacitación para el cuerpo académico de posgrado pero no se encuentra acorde con la oferta académica (investigación, pedagogía y didáctica, tecnopedagogía), y, otras temáticas requeridas. | I19: La instancia institucional correspondiente, no cuenta con un plan integral de capacitación para el cuerpo académico de posgrado.
E20: 4. El programa o la instancia institucional correspondiente, desarrolla el seguimiento y evaluación al plan de capacitación y establece acciones estratégicas para la mejora continua. | F20: El programa o la instancia institucional correspondiente, desarrolla el seguimiento y evaluación al plan de capacitación y establece acciones estratégicas para la mejora continua. | G20: El programa o la instancia institucional correspondiente, desarrolla el seguimiento y evaluación al plan de capacitación pero no establece acciones estratégicas para la mejora continua. | H20: El programa o la instancia institucional correspondiente, desarrolla el seguimiento pero no la evaluación al plan de capacitación y por lo tanto no establece acciones estratégicas para la mejora continua. | I20: El programa o la instancia institucional correspondiente, no desarrolla el seguimiento ni evaluación al plan de capacitación.
C22: MOVILIDAD ACADÉMICA | D22: El programa o la instancia institucional correspondiente, ha implementado acciones que propician la movilidad docente interna y externa, ya sea de manera presencial o apalancadas en las nuevas tecnologías disponibles. | E22: 1. El programa o la instancia institucional correspondiente, planifica y ejecuta acciones tales como: estancias de investigación, clases espejo, organización de eventos académicos nacionales e internacionales, entre otros, en los que promueven la movilidad del cuerpo académico del programa de posgrado a otras instituciones dentro y fuera del país; y, que aportan al desarrollo del programa. | F22: El programa o la instancia institucional correspondiente, planifica y ejecuta acciones tales como: estancias de investigación, clases espejo, organización de eventos académicos nacionales e internacionales, entre otros, en los que promueven la movilidad del cuerpo académico del programa de posgrado a otras instituciones dentro y fuera del país; y, que aportan al desarrollo del programa. | G22: El programa o la instancia institucional correspondiente, planifica y ejecuta acciones tales como: estancias de investigación, clases espejo, organización de eventos académicos nacionales, entre otros, en los que promueven la movilidad del cuerpo académico del programa de posgrado a otras instituciones únicamente dentro del país; y, que aportan al desarrollo del programa. | H22: El programa o la instancia institucional correspondiente, planifica pero no ejecuta acciones tales como: estancias de investigación, clases espejo, organización de eventos académicos nacionales e internacionales, entre otros. | I22: El programa o la instancia institucional correspondiente, no planifica ni ejecuta acciones tales como: estancias de investigación, clases espejo, organización de eventos académicos nacionales e internacionales, entre otros.
E23: 2. El programa promueve la incorporación de profesores invitados nacionales o internacionales que aportan al desarrollo e integración de las funciones sustantivas. | F23: El programa promueve la incorporación de profesores invitados nacionales o internacionales, aportando al desarrollo e integración de las funciones sustantivas. La participación de estos profesores contribuye de forma integral al enriquecimiento de la formación. | G23: El programa promueve la incorporación de profesores invitados nacionales o internacionales, aportando al desarrollo pero no a la integración de las funciones sustantivas. La participación de estos profesores contribuye de manera específica al desarrollo de alguna de las funciones sustantivas. | H23: El programa promueve la incorporación de profesores invitados nacionales o internacionales, pero estos no aportan al desarrollo ni a la integración de las funciones sustantivas. | I23: El programa no promueve la incorporación de profesores invitados nacionales o internacionales.
E24: 3. El programa o la instancia institucional correspondiente, desarrolla el seguimiento a la movilidad académica y establece planes de mejora continua para los programas de posgrado. | F24: El programa o la instancia institucional correspondiente desarrolla el seguimiento a la movilidad académica y establece planes de mejora continua. El seguimiento es periódico y los planes de mejora están alineados con los objetivos del programa. | G24: El programa o la instancia institucional correspondiente desarrolla el seguimiento a la movilidad académica y establece planes de mejora continua. El seguimiento es periódico, sin embargo, los planes de mejora no están alineados con los objetivos del programa. | H24: El programa o la instancia institucional correspondiente desarrolla el seguimiento a la movilidad académica pero no establece planes de mejora continua. | I24: El programa o la instancia institucional correspondiente no desarrolla el seguimiento a la movilidad académica y por lo tanto no establece planes de mejora continua.
B26: EVALUACIÓN Y SATISFACCIÓN DEL PROFESOR | C26: EVALUACIÓN INTEGRAL DEL DESEMPEÑO | D26: El programa de posgrado o la instancia institucional correspondiente ejecuta procesos de evaluación integral a sus profesores, conforme a la normativa vigente, que permiten valorar su desempeño en las responsabilidades asignadas. Los resultados de dichas evaluaciones son periódicos, difundidos a los involucrados y sustentan el proceso de toma de decisiones, a través de propuestas de mejoramiento del desempeño de los profesores. | E26: 1. El programa o la instancia institucional correspondiente ejecuta la evaluación integral del desempeño de los profesores que participan en el programa, durante o al final de cada asignatura, curso, módulo o sus equivalentes, considerando el marco normativo institucional. | F26: El programa o la instancia institucional correspondiente ejecuta la evaluación integral del desempeño de los profesores, durante o al final de cada asignatura, curso, módulo o sus equivalentes. Los procesos de evaluación consideran el marco normativo institucional y están alineados con los objetivos del programa. | G26: El programa o la instancia institucional correspondiente ejecuta la evaluación integral del desempeño de los profesores, durante o al final de cada asignatura, curso, módulo o sus equivalentes. Los procesos de evaluación consideran el marco normativo institucional pero no están alineados con los objetivos del programa. | H26: El programa o la instancia institucional correspondiente ejecuta la evaluación integral del desempeño de los profesores, durante o al final de cada asignatura, curso, módulo o sus equivalentes, pero su proceso de evaluación no considera el marco normativo institucional ni se encuentra alineado con los objetivos del programa. | I26: El programa o la instancia institucional correspondiente no ejecuta la evaluación integral del desempeño de los profesores, durante o al final de cada asignatura, curso, módulo o sus equivalentes.
E27: 2. La evaluación se desarrolla mediante mecanismos participativos con los actores involucrados y los resultados generales son difundidos de manera transparente a la comunidad académica. | F27: La evaluación se desarrolla mediante mecanismos participativos con los actores involucrados. Existen procesos que fomentan la participación de todos los actores relevantes, como profesores, estudiantes y otros miembros de la comunidad académica. Los resultados generales son difundidos de manera transparente a toda la comunidad académica. | G27: La evaluación se desarrolla mediante mecanismos participativos con los actores involucrados. Existen procesos que fomentan la participación de todos los actores relevantes, como profesores, estudiantes y otros miembros de la comunidad académica. Los resultados generales no son difundidos de manera transparente a toda la comunidad académica. | H27: La evaluación se desarrolla pero no se aplican mecanismos participativos con los actores involucrados. | I27: La evaluación integral de desempeño no se desarrolla.
E28: 3. Los resultados de la evaluación integral se utilizan para identificar oportunidades de mejora en el desempeño de los profesores. | F28: Los resultados de la evaluación integral se utilizan para identificar oportunidades de mejora en el desempeño de los profesores. Existen procesos que permiten analizar detalladamente los resultados, proporcionando retroalimentación específica y constructiva. | G28: Los resultados de la evaluación integral se utilizan para identificar oportunidades de mejora en el desempeño de los profesores. Existen procesos que permiten analizar detalladamente los resultados, pero no proporcionan retroalimentación específica y constructiva. | H28: Los resultados de la evaluación integral se utilizan para identificar oportunidades de mejora en el desempeño de los profesores. No existen procesos que permiten analizar detalladamente los resultados, ni proporcionar retroalimentación. | I28: Los resultados de la evaluación integral no se utilizan para identificar oportunidades de mejora en el desempeño de los profesores.
E29: 4. El programa o la instancia institucional correspondiente, desarrolla el seguimiento a la evaluación integral del desempeño y establece planes de mejora continua para el programa de posgrado. | F29: El programa o la instancia institucional correspondiente desarrolla el seguimiento a la evaluación integral del desempeño y establece planes de mejora continua. Existen procesos que permiten un seguimiento detallado de los resultados de la evaluación. | G29: El programa o la instancia institucional correspondiente desarrolla el seguimiento a la evaluación integral del desempeño y establece planes de mejora continua. No existen procesos que permiten un seguimiento detallado de los resultados de la evaluación. | H29: El programa o la instancia institucional correspondiente desarrolla el seguimiento a la evaluación integral del desempeño pero no establece planes de mejora continua. | I29: El programa o la instancia institucional correspondiente no desarrolla el seguimiento a la evaluación integral del desempeño ni establece planes de mejora continua.
C31: SATISFACCIÓN DEL PROFESOR | D31: El programa o la instancia institucional correspondiente aplica procesos de evaluación de la satisfacción del profesor, conforme a la normativa institucional, lo que permite demostrar el nivel de ésta mediante el uso de instrumentos que se alinean a los objetivos de la institución y del programa. Los resultados de la evaluación de la satisfacción del profesor son periódicos y sustentan el proceso de toma de decisiones, a través de propuestas y acciones de mejora. | E31: 1. El programa o la instancia institucional correspondiente, cuenta con herramientas, procesos e instrumentos específicos para evaluar la satisfacción del profesor, considerando los objetivos y el marco normativo institucional. | F31: El programa o la instancia institucional correspondiente cuenta con herramientas, procesos e instrumentos específicos para evaluar la satisfacción del profesor y se alinean con los objetivos y el marco normativo institucional. | G31: El programa o la instancia institucional correspondiente cuenta con herramientas, procesos e instrumentos específicos para evaluar la satisfacción del profesor y se alinean con los objetivos pero no con el marco normativo institucional. | H31: El programa o la instancia institucional correspondiente cuenta con herramientas, procesos e instrumentos específicos para evaluar la satisfacción del profesor pero no se encuentran alineados con los objetivos del programa ni con el marco normativo institucional. | I31: El programa o la instancia institucional correspondiente no cuenta con herramientas, procesos e instrumentos específicos para evaluar la satisfacción del profesor.
E32: 2. La instancia pertinente difunde y aplica un instrumento de evaluación a los profesores de manera objetiva y transparente. | F32: La instancia pertinente difunde y aplica un instrumento de evaluación a los profesores. La aplicación del instrumento es objetiva y sigue procesos transparentes que garantizan la confiabilidad de los resultados. | G32: La instancia pertinente difunde y aplica un instrumento de evaluación a los profesores. La aplicación del instrumento no es objetiva ni transparente. | H32: La instancia pertinente aplica pero no difunde un instrumento de evaluación a los profesores. La aplicación del instrumento no es objetiva ni transparente. | I32: La instancia pertinente no difunde ni aplica un instrumento de evaluación a los profesores.
E33: 3. El programa o la instancia institucional correspondiente difunde los resultados generales obtenidos de la evaluación de satisfacción del profesor a la comunidad académica del programa. | F33: El programa o la instancia institucional correspondiente difunde los resultados generales obtenidos de la evaluación de satisfacción del profesor. La difusión se realiza de manera detallada asegurando que la comunidad académica del programa tenga acceso a la información de manera oportuna. | G33: El programa o la instancia institucional correspondiente difunde los resultados generales obtenidos de la evaluación de satisfacción del profesor. La difusión se realiza de manera detallada a la comunidad académica pero no se garantiza el acceso oportuno a esta. | H33: El programa o la instancia institucional correspondiente difunde los resultados generales obtenidos de la evaluación de satisfacción del profesor. La difusión no se realiza de manera detallada ni oportuna a la comunidad académica. | I33: El programa o la instancia institucional correspondiente no difunde los resultados generales obtenidos de la evaluación de satisfacción del profesor.
E34: 4. Los resultados de la evaluación de satisfacción del profesor se utilizan al cierre de cada cohorte para identificar oportunidades de mejora en el desarrollo del programa. | F34: Los resultados de la evaluación de satisfacción del profesor se utilizan al cierre de cada cohorte para identificar oportunidades de mejora en el desarrollo del programa. Se implementan acciones que contribuyan a la mejora del programa, con base en los hallazgos identificados. | G34: Los resultados de la evaluación de satisfacción del profesor se utilizan al cierre de cada cohorte para identificar oportunidades de mejora en el desarrollo del programa. Se implementan acciones que contribuyan a la mejora del programa, pero, no se evidencia que hayan tomado en cuenta los hallazgos identificados. | H34: Los resultados de la evaluación de satisfacción del profesor se utilizan al cierre de cada cohorte para identificar oportunidades de mejora en el desarrollo del programa. No se implementan acciones de mejora con base en las hallazgos identificados. | I34: Los resultados de la evaluación de satisfacción del profesor no se utilizan para identificar oportunidades de mejora en el desarrollo del programa.

Sheet Rub. Est. y Grad.
B1: Volver a Contenido
A4: CRITERIO | B4: SUBCRITERIO | C4: INDICADOR | D4: ESTÁNDAR | E4: ELEMENTO FUNDAMENTAL | F4: SATISFACTORIO (1) | G4: CUASI SATISFACTORIO (0,7) | H4: POCO SATISFACTORIO (0,35) | I4: DEFICIENTE (0) | J4: EQ. NUMÉRICA
A5: ESTUDIANTES Y GRADUADOS | B5: GESTIÓN | C5: BECAS, AYUDAS ECONÓMICAS Y SERVICIOS ESTUDIANTILES | D5: Especialización y maestría académica: El otorgamiento de becas o ayudas económicas a los estudiantes del programa de especialización o maestría académica es planificado y ejecutado por la instancia institucional pertinente. La adjudicación de éstas se basa en criterios claros y transparentes que son comunicados de manera pública y oportuna a los postulantes y estudiantes. La institución que ofrece el programa facilita el acceso a servicios que promueven el bienestar de los estudiantes del programa. Doctorado: El otorgamiento de becas o ayudas económicas a los estudiantes del programa de doctorado es planificado y ejecutado por la instancia institucional pertinente. La adjudicación de éstas se basa en criterios claros y transparentes que son comunicados de manera pública y oportuna a los postulantes y estudiantes. La institución que ofrece el programa facilita el acceso a servicios que promueven el bienestar estudiantil para los doctorandos y plazas como profesores ocasionales o investigadores en la UEP. | E5: 1. La normativa institucional, contempla mecanismos, procesos o procedimientos para la asignación de becas o ayudas económicas a los estudiantes del programa de posgrado. | F5: Existen mecanismos, procesos o procedimientos para la asignación de becas o ayudas económicas a los estudiantes del programa de posgrado. Estos mecanismos han sido comunicados de manera oportuna y responden a la planificación institucional. | G5: Existen mecanismos, procesos o procedimientos para la asignación de becas o ayudas económicas a los estudiantes del programa de posgrado. Estos mecanismos han sido comunicados de manera oportuna, sin embargo, no se evidencia que respondan a la planificación institucional. | H5: Existen mecanismos, procesos o procedimientos para la asignación de becas o ayudas económicas a los estudiantes del programa de posgrado. Estos mecanismos no han sido comunicados de manera oportuna y tampoco se evidencia que respondan a la planificación institucional. | I5: La normativa institucional no establece mecanismos, procesos o procedimientos para la asignación de becas o ayudas económicas a los estudiantes del programa de posgrado. | J5: =VLOOKUP(#REF!,'Escala valoraciones'!$A$1:$B$4,2,FALSE) -> #REF!
E6: 2. Los estudiantes del programa que lo requieren se han beneficiado de becas o ayudas económicas de la institución bajo un proceso transparente. | F6: Los estudiantes del programa que lo requieren han sido beneficiarios de becas o ayudas económicas de la institución, bajo un proceso transparente que ha considerado sus necesidades y méritos. | G6: Los estudiantes del programa que lo requieren han sido beneficiarios de becas o ayudas económicas de la institución, bajo un proceso transparente que ha considerado sus necesidades pero no sus méritos. | H6: Los estudiantes del programa que lo requieren han sido beneficiarios de becas o ayudas económicas de la institución, sin embargo, este proceso no ha sido transparente y no ha considerado sus necesidades ni sus méritos. | I6: Los estudiantes del programa que lo requieren no han sido beneficiarios de becas o ayudas económicas de la institución. | J6: =VLOOKUP(#REF!,'Escala valoraciones'!$A$1:$B$4,2,FALSE) -> #REF!
E7: 3. El programa a través de las respectivas instancias institucionales monitorea la provisión oportuna de servicios asistenciales y de bienestar a sus estudiantes. | F7: Existe monitoreo de la provisión oportuna de servicios asistenciales y de bienestar a los estudiantes del programa. Este monitoreo se realiza con base en indicadores y provee de información útil para la toma de decisiones | G7: Existe monitoreo de la provisión oportuna de servicios asistenciales y de bienestar a los estudiantes del programa. Este monitoreo se realiza con base en indicadores, sin embargo, no se evidencia que provea de información útil para la toma de decisiones | H7: Existe monitoreo de la provisión de servicios asistenciales y de bienestar a los estudiantes del programa. Este monitoreo no se realiza con base en indicadores ni provee de información para la toma de decisiones | I7: El programa no monitorea la provisión de servicios asistenciales y de bienestar a sus estudiantes. | J7: =VLOOKUP(#REF!,'Escala valoraciones'!$A$1:$B$4,2,FALSE) -> #REF!
E8: 4. El programa o la instancia institucional correspondiente, desarrolla el seguimiento a la gestión de becas, ayudas económicas y servicios estudiantiles que ayuda a establecer planes de mejora continua. | F8: Existe seguimiento a la gestión de becas, ayudas económicas y servicios estudiantiles. Este seguimiento se realiza con base en indicadores, y los resultados se utilizan para establecer planes de mejora continua. | G8: Existe seguimiento a la gestión de becas, ayudas económicas y servicios estudiantiles. Este seguimiento se realiza con base en indicadores, sin embargo, los resultados no se utilizan para establecer planes de mejora continua. | H8: Existe seguimiento a la gestión de becas, ayudas económicas y servicios estudiantiles. Este seguimiento no se realiza con base en indicadores y los resultados no se utilizan para establecer planes de mejora continua. | I8: El programa o la instancia institucional correspondiente, no desarrolla un seguimiento a la gestión de becas, ayudas económicas y servicios estudiantiles. No se establece un plan de mejoras. | J8: =VLOOKUP(#REF!,'Escala valoraciones'!$A$1:$B$4,2,FALSE) -> #REF!
E9: Para el caso de programas de doctorado, además se considera lo siguiente: 5. El programa planifica, oferta y otorga plazas como profesores ocasionales o investigadores a tiempo parcial en la UEP para sus estudiantes. | F9: El programa de doctorado planifica, oferta y otorga plazas como profesores o investigadores ocasionales a tiempo parcial en la UEP para sus estudiantes para que desarrollen sus competencias docentes e investigativas en el campo de conocimiento del programa y contribuyan a la mejora de este. | G9: El programa de doctorado planifica, oferta y otorga plazas como profesores o investigadores ocasionales a tiempo parcial en la UEP para sus estudiantes para que desarrollen sus competencias docentes e investigativas en el campo de conocimiento del programa, sin embargo, no se evidencia que hayan contribuido a la mejora de este. | H9: El programa de doctorado planifica, oferta y otorga plazas como profesores o investigadores ocasionales a tiempo parcial en la UEP para sus estudiantes, únicamente para cumplir con la normativa. No existe un desarrollo de las competencias docentes e investigativas ni una contribución a la mejora del programa. | I9: El programa de doctorado no planifica, oferta ni otorga plazas como profesores o investigadores ocasionales a tiempo parcial en la UEP para sus estudiantes. | J9: =VLOOKUP(#REF!,'Escala valoraciones'!$A$1:$B$4,2,FALSE) -> #REF!
C11: MOVILIDAD ESTUDIANTIL | D11: Especialización y maestría académica: El programa de especialización o maestría académica promueve acciones que propician la movilidad estudiantil entrante y/o saliente, presencial y/o en línea, enmarcadas en las estrategias institucionales y apalancadas en las nuevas tecnologías disponibles. Estas actividades se planifican para contribuir a la formación profesional en áreas de interés al plan de estudios de estos programas. Doctorado: El programa promueve acciones que propician la movilidad estudiantil presencial y/o en línea, enmarcadas en las estrategias institucionales y apalancadas en las nuevas tecnologías disponibles. Estas actividades se planifican para contribuir a la formación en áreas de interés del plan de estudios en el marco de las líneas de investigación. | E11: 1. La institución cuenta con convenios en ejecución de cooperación interinstitucional u otros mecanismos para propiciar el intercambio y la movilidad de estudiantes de posgrado. | F11: Existen convenios de cooperación interinstitucional en ejecución u otros mecanismos para propiciar el intercambio y la movilidad de estudiantes de posgrado. Estos convenios u otros mecanismos responden a las necesidades del programa. | G11: Existen convenios de cooperación interinstitucional en ejecución u otros mecanismos para propiciar el intercambio y la movilidad de estudiantes de posgrado. Sin embargo, no se puede evidenciar que estos convenios u otros mecanismos respondan a las necesidades del programa. | H11: Aunque existen convenios de cooperación interinstitucional u otros mecanismos para propiciar el intercambio y la movilidad de estudiantes de posgrado, estos no se ejecutan. Además, no se puede evidenciar que estos convenios u otros mecanismos respondan a las necesidades del programa. | I11: La institución no cuenta con convenios en ejecución de cooperación interinstitucional u otros mecanismos para propiciar el intercambio y la movilidad de estudiantes de posgrado. | J11: =VLOOKUP(#REF!,'Escala valoraciones'!$A$1:$B$4,2,FALSE) -> #REF!
E12: 2. La instancia institucional a cargo de movilidad estudiantil cuenta con normativa específica y accesible para los estudiantes de posgrado que define los procesos para postular y participar en estas actividades. | F12: Existe normativa específica y accesible para los estudiantes de posgrado que define los procesos para postular y participar en estas actividades. Existe acompañamiento para aquellos estudiantes que desean postular en estas actividades. | G12: Existe normativa específica y accesible para los estudiantes de posgrado que define los procesos para postular y participar en estas actividades. Sin embargo, no se evidencia que exista acompañamiento para aquellos estudiantes que desean postular en estas actividades. | H12: Existe normativa general y no accesible para los estudiantes de posgrado que define los procesos para postular y participar en estas actividades. No se evidencia que exista acompañamiento para aquellos estudiantes que desean postular en estas actividades. | I12: La instancia institucional a cargo de movilidad estudiantil no cuenta con normativa específica para los estudiantes de posgrado que defina los procesos para postular y participar en estas actividades. | J12: =VLOOKUP(#REF!,'Escala valoraciones'!$A$1:$B$4,2,FALSE) -> #REF!
E13: 3. El programa o la instancia institucional correspondiente demuestra que ha planificado y ha promovido entre los estudiantes del programa, actividades o eventos que propician la movilidad hacia y desde otras instituciones nacionales o internacionales de manera presencial o en línea. | F13: Se ha planificado y promovido entre los estudiantes del programa, actividades o eventos que propician la movilidad hacia y desde otras instituciones nacionales o internacionales de manera presencial o en línea. | G13: Se ha planificado y promovido entre los estudiantes del programa, actividades o eventos que propician la movilidad únicamente hacia otras instituciones nacionales o internacionales de manera presencial o en línea. | H13: Se ha planificado pero no se ha promovido entre los estudiantes del programa, actividades o eventos que propician la movilidad hacia otras instituciones nacionales o internacionales de manera presencial o en línea. | I13: El programa o la instancia institucional no ha demostrado ningún esfuerzo en la planificación y promoción de actividades que fomenten la movilidad de los estudiantes. | J13: =VLOOKUP(#REF!,'Escala valoraciones'!$A$1:$B$4,2,FALSE) -> #REF!
E14: 4. Las actividades de movilidad entrante y/o saliente promueven el fortalecimiento académico y/o la investigación acorde con los objetivos del programa. | F14: Las actividades de movilidad entrante y/o saliente promueven el fortalecimiento académico y/o de la investigación, contribuyen al cumplimiento de los objetivos del programa y generan información útil para la toma de decisiones | G14: Las actividades de movilidad entrante y/o saliente promueven el fortalecimiento académico y/o de la investigación, contribuyen al cumplimiento de los objetivos del programa, sin embargo, no se evidencia que hayan generado información útil para la toma de decisiones | H14: Las actividades de movilidad entrante y/o saliente promueven el fortalecimiento académico y/o de la investigación, no obstante, no se puede evidenciar su contribución al cumplimiento de los objetivos del programa ni que hayan generado información útil para la toma de decisiones | I14: Si bien existen actividades de movilidad entrante y/o saliente, no se evidencia que estas promuevan el fortalecimiento académico y/o de la investigación ni que contribuyan al cumplimiento de los objetivos del programa o que hayan generado información útil para la toma de decisiones. | J14: =VLOOKUP(#REF!,'Escala valoraciones'!$A$1:$B$4,2,FALSE) -> #REF!
E15: 5. El programa o la instancia institucional correspondiente, desarrolla el seguimiento a la movilidad estudiantil para establecer los planes de mejora continua para el programa de posgrado. | F15: Existe seguimiento a la movilidad estudiantil que con base en el análisis de los indicadores previamente establecidos permite el establecimiento de planes de mejora continua para el programa de posgrado. Este seguimiento se desarrolla de manera planificada de acuerdo con las necesidades del programa y el número de estudiantes que participan en estas actividades. | G15: Existe seguimiento a la movilidad estudiantil que con base en el análisis de los indicadores previamente establecidos permite el establecimiento de planes de mejora continua para el programa de posgrado. Este seguimiento se desarrolla de manera planificada de acuerdo con las necesidades del programa o el número de estudiantes que participan en estas actividades. | H15: Existe seguimiento a la movilidad estudiantil que con base en el análisis de los indicadores previamente establecidos permite el establecimiento de planes de mejora continua para el programa de posgrado. No obstante, este seguimiento no se desarrolla de manera planificada de acuerdo con las necesidades del programa o el número de estudiantes que participan en estas actividades. | I15: Existe seguimiento a la movilidad estudiantil, sin embargo este no se basa en el análisis de indicadores previamente establecidos y tampoco permite el establecimiento de planes de mejora continua para el programa de posgrado. | J15: =VLOOKUP(#REF!,'Escala valoraciones'!$A$1:$B$4,2,FALSE) -> #REF!
B17: ACOMPAÑAMIENTO | C17: ACOMPAÑAMIENTO ESTUDIANTIL | D17: Especialización y maestría académica: El programa brinda acompañamiento y apoyo a sus estudiantes conforme con la normativa institucional, utilizando para ello procesos o acciones que aportan con su desempeño integral durante el proceso formativo. El acompañamiento estudiantil incluye apoyo en actividades relacionadas a procesos académicos, investigativos, administrativos, financieros, entre otros, que ofrezca la institución a los estudiantes del programa de especialización o maestría académica. La información del programa es pública, de libre acceso y se da la apertura para que los estudiantes expresen sus opiniones que contribuyen a la mejora continua. Doctorado: El programa de doctorado brinda acompañamiento y apoyo a sus estudiantes conforme con la normativa institucional, a través de procesos o acciones que aportan con su desempeño integral durante su formación doctoral. El acompañamiento estudiantil incluye apoyo en actividades relacionadas a procesos académicos, investigativos, administrativos, financieros, y se retroalimenta de los criterios de los estudiantes que contribuyan a la mejora del programa. La información del programa es pública y de libre acceso. | E17: 1. La instancia institucional correspondiente, cuenta con procesos o procedimientos para el acompañamiento estudiantil, que incluye a los estudiantes de posgrado. | F17: La instancia institucional ha establecido procesos y procedimientos de acompañamiento estudiantil que abarcan a estudiantes de posgrado e incluyen asesoramiento académico, orientación profesional y seguimiento continuo del progreso del estudiante. | G17: La instancia institucional ha establecido procesos y procedimientos de acompañamiento estudiantil que abarcan a estudiantes de posgrado e incluyen asesoramiento académico y orientación profesional. | H17: La instancia institucional ha establecido procesos y procedimientos de acompañamiento estudiantil que abarcan a estudiantes de posgrado e incluyen únicamente actividades de asesoramiento académico. | I17: Los procesos y procedimientos de acompañamiento estudiantil no abarcan a los estudiantes de posgrado. | J17: =VLOOKUP(#REF!,'Escala valoraciones'!$A$1:$B$4,2,FALSE) -> #REF!
E18: 2. El programa provee de información transparente y de libre acceso a los estudiantes y da apertura para que puedan expresar sus opiniones y sugerencias para la mejora continua. | F18: Se provee de información transparente y de libre acceso a los estudiantes y da apertura para que puedan expresar sus opiniones y sugerencias para la mejora continua. | G18: Se provee de información transparente y de libre acceso a los estudiantes y da apertura para que puedan expresar sus opiniones, sin embargo, no se evidencia que se tomen en cuenta sus sugerencias para la mejora continua. | H18: Se provee de información transparente y de libre acceso a los estudiantes, sin embargo, no se evidencia que haya apertura para que puedan expresar sus opiniones ni sus sugerencias para la mejora continua. | I18: El programa no proporciona información detallada ni de libre acceso a los estudiantes, y no se fomenta la expresión de opiniones y sugerencias. | J18: =VLOOKUP(#REF!,'Escala valoraciones'!$A$1:$B$4,2,FALSE) -> #REF!
E19: 3. El programa o la instancia institucional correspondiente, cuenta con acciones que contribuyen con el desempeño académico del estudiante y los procesos que implican su permanencia en el programa. | F19: Las acciones implementadas por el programa o la instancia institucional han contribuido con el desempeño académico de sus estudiantes y los procesos que implican su permanencia en el programa. Esto se mide mediante el uso de indicadores que permiten la toma de decisiones. | G19: Las acciones implementadas por el programa o la instancia institucional han contribuido con el desempeño académico de sus estudiantes y los procesos que implican su permanencia en el programa. Si bien existen indicadores, estos no son útiles para la toma de decisiones. | H19: Las acciones implementadas por el programa o la instancia institucional han contribuido con el desempeño académico de sus estudiantes pero no con los procesos que implican su permanencia en el programa. No existen indicadores que permitan la toma de decisiones. | I19: Las acciones implementadas por el programa o la instancia institucional no han contribuido con el desempeño académico de sus estudiantes ni con los procesos que implican su permanencia en el programa. | J19: =VLOOKUP(#REF!,'Escala valoraciones'!$A$1:$B$4,2,FALSE) -> #REF!
E20: 4. El programa evalúa la satisfacción del estudiante con los servicios y acompañamiento recibido durante su permanencia en el programa. | F20: El programa realiza evaluaciones de la satisfacción del estudiante con los servicios y el acompañamiento recibido. Los resultados de estas evaluaciones se utilizan para formular indicadores que sirvan para la toma de decisiones. | G20: El programa realiza evaluaciones de la satisfacción del estudiante con los servicios y el acompañamiento recibido. Los resultados de estas evaluaciones se utilizan para formular indicadores, que, sin embargo, no son considerados para la toma de decisiones. | H20: El programa realiza evaluaciones de la satisfacción del estudiante con los servicios y el acompañamiento recibido. Los resultados de estas evaluaciones no se utilizan para formular indicadores que sirvan para la toma de decisiones. | I20: El programa no realiza evaluaciones de la satisfacción del estudiante con los servicios ni el acompañamiento recibido. | J20: =VLOOKUP(#REF!,'Escala valoraciones'!$A$1:$B$4,2,FALSE) -> #REF!
E21: 5. El programa o la instancia institucional correspondiente, desarrolla el seguimiento al acompañamiento estudiantil para establecer planes de mejora continua para el programa de posgrado. | F21: Se desarrolla el seguimiento al acompañamiento estudiantil y se establecen planes de mejora con base en el nivel de cumplimiento de los indicadores específicos que el programa haya definido para el efecto. | G21: Se desarrolla el seguimiento al acompañamiento estudiantil y se establecen planes de mejora con base en el nivel de cumplimiento de los indicadores generales que el programa haya definido para el efecto. | H21: Se desarrolla el seguimiento al acompañamiento estudiantil y se establecen planes de mejora, sin tomar en cuenta el nivel de cumplimiento de los indicadores generales que el programa haya definido para el efecto. | I21: Se desarrolla el seguimiento al acompañamiento estudiantil pero no se establecen planes de mejora. | J21: =VLOOKUP(#REF!,'Escala valoraciones'!$A$1:$B$4,2,FALSE) -> #REF!
E22: 6. Para el caso de programas de doctorado, además se considera lo siguiente: El programa establece mecanismos para el seguimiento y monitoreo del avance académico e investigativo del doctorando que posibilite la retroalimentación y asegure su titulación. | F22: El programa de doctorado ha establecido mecanismos de seguimiento y monitoreo del avance académico e investigativo de los doctorandos. Estos mecanismos permiten una retroalimentación constante, lo que contribuye a que los doctorandos aseguren su titulación. | G22: El programa de doctorado ha establecido mecanismos de seguimiento y monitoreo del avance académico e investigativo de los doctorandos. Estos mecanismos permiten la retroalimentación pero no se evidencia que hayan contribuido a que los doctorandos aseguren su titulación. | H22: El programa de doctorado ha establecido mecanismos de seguimiento y monitoreo del avance académico e investigativo de los doctorandos. Sin embargo, estos mecanismos no permiten la retroalimentación ni contribuyen a que los doctorandos aseguren su titulación. | I22: El programa de doctorado no ha establecido mecanismos de seguimiento y monitoreo del avance académico e investigativo de los doctorandos. | J22: =VLOOKUP(#REF!,'Escala valoraciones'!$A$1:$B$4,2,FALSE) -> #REF!
C24: RELACIÓN ESTUDIANTES POR PARALELO | D24: Estándar para programas de especialización y maestría académica en las modalidades presencial, híbrida y semipresencial: Cada paralelo o grupo de cada asignatura, curso, módulo o su equivalente cuenta con un máximo de 25 (veinticinco) estudiantes, asegurando así una formación y atención personalizada para cada uno. | E24: Indicador cuantitativo cuyo cumplimiento se determina mediante un proceso de normalización entre la valoración obtenida en el proceso de evaluación y un umbral de cumplimiento determinado
D25: Estándar para programas de especialización y maestría académica en las modalidades a distancia y en línea: Cada paralelo o grupo de cada asignatura, curso, módulo o su equivalente cuenta con un máximo de 35 (treinta y cinco) estudiantes asegurando así una formación y atención personalizada para cada uno. En la modalidad híbrida, para el caso de las actividades presenciales, se tomará en cuenta la misma consideración que para la modalidad presencial y semipresencial. Adicionalmente, para la modalidad en línea se deberá considerar el soporte de personal de apoyo académico para su ejecución..
B27: RESULTADOS | C27: EFICIENCIA DE GRADUACIÓN | D27: Especialización y maestría académica: El programa cuenta con una eficiencia de graduación de al menos el 82%. Doctorado: El programa cuenta con una eficiencia de graduación de al menos el 40%. | E27: Indicador cuantitativo cuyo cumplimiento se determina mediante un proceso de normalización entre la valoración obtenida en el proceso de evaluación y un umbral de cumplimiento determinado
C29: SEGUIMIENTO A GRADUADOS | D29: El seguimiento a graduados provee de resultados sobre la calidad de su formación, la influencia en su desempeño profesional y laboral, el nivel de satisfacción de los graduados con la formación recibida, entre otros; estos resultados se difunden entre los actores clave del programa y se utilizan para la implementación de planes de acción que contribuyan al mejoramiento de este, mediante ajustes sustantivos, no sustantivos, entre otros. | E29: 1. La institución o el programa dispone de procesos o acciones de seguimiento a graduados que aportan información específica sobre la pertinencia de la formación recibida, en términos de las competencias requeridas para insertarse y contribuir en su entorno educativo y con su desarrollo personal. | F29: La institución o el programa de posgrado ha implementado procesos de seguimiento a graduados que proporcionan información específica sobre la pertinencia de la formación en términos de las competencias requeridas para insertarse y contribuir en su entorno educativo y su desarrollo personal. Los resultados del seguimiento son utilizados para la toma de decisiones. | G29: La institución o el programa de posgrado ha implementado procesos de seguimiento a graduados que proporcionan información específica sobre la pertinencia de la formación en términos de las competencias requeridas para insertarse y contribuir en su entorno educativo y su desarrollo personal. No se evidencia que los resultados del seguimiento sean utilizados para la toma de decisiones. | H29: La institución o el programa de posgrado ha implementado procesos de seguimiento a graduados que proporcionan información general sobre la pertinencia de la formación en términos de las competencias requeridas para insertarse y contribuir en su entorno educativo o su desarrollo personal. No se evidencia que los resultados del seguimiento sean utilizados para la toma de decisiones. | I29: La institución o el programa de posgrado no ha implementado procesos de seguimiento a graduados. | J29: =VLOOKUP(#REF!,'Escala valoraciones'!$A$1:$B$4,2,FALSE) -> #REF!
E30: 2. El programa o la instancia institucional que realiza el seguimiento correspondiente contempla estrategias participativas que involucran a sus graduados de posgrado. | F30: El programa o la instancia institucional ha establecido estrategias participativas para involucrar a sus graduados de posgrado. El uso de estas estrategias ha conseguido que los graduados participen en todas las actividades programadas y que se pueda recopilar información útil para la toma de decisiones. | G30: El programa o la instancia institucional ha establecido estrategias participativas para involucrar a sus graduados de posgrado. El uso de estas estrategias ha conseguido que los graduados participen en algunas de las actividades programadas, sin embargo, no se ha podido recopilar información útil para la toma de decisiones. | H30: El programa o la instancia institucional ha establecido estrategias para el seguimiento, pero estas no involucran a sus graduados de posgrado | I30: El programa o la instancia institucional no contempla estrategias para involucrar a sus graduados de posgrado en el seguimiento. | J30: =VLOOKUP(#REF!,'Escala valoraciones'!$A$1:$B$4,2,FALSE) -> #REF!
E31: 3. El programa o la instancia institucional correspondiente utiliza los resultados del seguimiento a graduados para analizar las experiencias favorables e implementar planes de acción para el mejoramiento de la formación académica y de los aspectos que requieren los estudiantes de posgrado como parte de una política de aseguramiento de la calidad. | F31: Los resultados del seguimiento a graduados de posgrado son utilizados para analizar las experiencias favorables y desarrollar planes de acción con el propósito de mejorar la formación académica y los aspectos requeridos por los estudiantes de posgrado. Todo esto responde a una política de aseguramiento de la calidad. | G31: Los resultados del seguimiento a graduados de posgrado son utilizados para analizar las experiencias favorables y desarrollar planes de acción con el propósito de mejorar la formación académica, sin embargo, no se evidencia que haya contribuido a mejorar los aspectos requeridos por los estudiantes de posgrado. Todo esto responde a una política de aseguramiento de la calidad. | H31: Los resultados del seguimiento a graduados de posgrado son utilizados para analizar las experiencias favorables y desarrollar planes de acción con el propósito de mejorar la formación académica, sin embargo, no se evidencia que haya contribuido a mejorar los aspectos requeridos por los estudiantes de posgrado. No obstante, todo esto no está alineado a una política de aseguramiento de la calidad. | I31: Los resultados del seguimiento a graduados de posgrado son utilizados para analizar las experiencias favorables, sin embargo, no se puede evidenciar el desarrollo de planes de acción con el propósito de mejorar la formación académica ni que haya contribuido a mejorar los aspectos requeridos por los estudiantes de posgrado. | J31: =VLOOKUP(#REF!,'Escala valoraciones'!$A$1:$B$4,2,FALSE) -> #REF!
E32: 4. El programa o la instancia institucional correspondiente ha establecido mecanismos y canales de comunicación para difundir los resultados del seguimiento a graduados de los programas. | F32: Se ha implementado mecanismos y canales de comunicación para difundir los resultados del seguimiento a graduados. Esta información es accesible para los profesores, estudiantes y graduados. | G32: Se ha implementado mecanismos y canales de comunicación para difundir los resultados del seguimiento a graduados. Esta información es accesible para los profesores y estudiantes. | H32: Se ha implementado mecanismos y canales de comunicación para difundir los resultados del seguimiento a graduados. Esta información es accesible únicamente para los profesores. | I32: El programa o la instancia institucional no ha establecido mecanismos ni canales de comunicación para difundir los resultados del seguimiento a graduados. | J32: =VLOOKUP(#REF!,'Escala valoraciones'!$A$1:$B$4,2,FALSE) -> #REF!
E33: 5. El programa o la instancia institucional correspondiente cuenta con estudios de empleabilidad (reputación del programa, proyección profesional, oportunidades de mejora de condiciones laborales, ascensos satisfacción del empleador, entre otros) de sus graduados que aportan información específica para la mejora continua del mismo. | F33: Existen estudios de empleabilidad de los graduados del programa que proporcionan información específica que se utiliza para el mejoramiento continuo. | G33: Existen estudios de empleabilidad de los graduados del programa que proporcionan información general que se utiliza para el mejoramiento continuo. | H33: Existen estudios de empleabilidad de los graduados del programa que proporcionan información general que no se utiliza para el mejoramiento continuo. | I33: El programa o la instancia institucional no cuenta con estudios de empleabilidad de sus graduados ni utiliza la información específica para la mejora continua. | J33: =VLOOKUP(#REF!,'Escala valoraciones'!$A$1:$B$4,2,FALSE) -> #REF!
E34: 6. La instancia responsable de la institución desarrolla actividades académicas o sociales que incluyen a los graduados del programa con la finalidad de fomentar su vinculación con la institución. | F34: Se han desarrollado actividades académicas y sociales que fomentan la vinculación de los graduados con la institución. Estas actividades son planificadas y ejecutadas por la instancia responsable, que además realiza un monitoreo con el fin de obtener información útil para la toma de decisiones. | G34: Se han desarrollado actividades académicas y sociales que fomentan la vinculación de los graduados con la institución. Estas actividades son planificadas y ejecutadas por la instancia responsable, que además realiza un monitoreo, sin embargo, no se evidencia que se haya generado información útil para la toma de decisiones. | H34: Se han desarrollado actividades académicas y sociales que fomentan la vinculación de los graduados con la institución. Estas actividades son planificadas y ejecutadas por la instancia responsable, no obstante, no se realiza un monitoreo con el fin de obtener información útil para la toma de decisiones. | I34: El programa no ha desarrollado actividades académicas y sociales que fomenten la vinculación de los graduados con la institución. | J34: =VLOOKUP(#REF!,'Escala valoraciones'!$A$1:$B$4,2,FALSE) -> #REF!
E35: 7. El programa o la instancia institucional correspondiente, analiza los resultados del seguimiento a graduados para establecer los planes de mejora continua del programa de posgrado. | F35: El programa o la instancia institucional realiza un análisis integral de los resultados del seguimiento a graduados y utiliza esta información para establecer planes de mejora continua del programa de posgrado. | G35: El programa o la instancia institucional realiza un análisis de los resultados del seguimiento a graduados y utiliza esta información para realizar acciones correctivas en el programa de posgrado. | H35: El programa o la instancia institucional analiza los resultados del seguimiento a graduados, sin embargo, no utiliza esta información para la toma de decisiones. | I35: El programa o la instancia institucional no analiza los resultados del seguimiento a graduados ni establece planes de mejora continua. | J35: =VLOOKUP(#REF!,'Escala valoraciones'!$A$1:$B$4,2,FALSE) -> #REF!

Sheet Rub. Inv.
B1: Volver a Contenido
A4: CRITERIO | B4: SUBCRITERIO | C4: INDICADOR | D4: ESTÁNDAR | E4: ELEMENTO FUNDAMENTAL | F4: SATISFACTORIO (1) | G4: CUASI SATISFACTORIO (0,7) | H4: POCO SATISFACTORIO (0,35) | I4: DEFICIENTE (0) | J4: EQ. NUMÉRICA
A5: INVESTIGACIÓN | B5: ORGANIZACIÓN | C5: ESTRUCTURA DE LA INVESTIGACIÓN | D5: La institución cuenta con una estructura que promueve procesos de investigación involucrando centros, grupos, unidades o equipos en los que participan los profesores, investigadores y/o estudiantes del programa, quienes ejecutan iniciativas de investigación para la generación y transferencia del conocimiento de acuerdo con sus políticas, normativas y líneas de investigación relacionadas con el programa. | E5: 1. La institución dispone de políticas y/o normativas que organizan la estructura de investigación, la que incluye centros, grupos, unidades, equipos u otros, articulados con líneas de investigación en el marco de la coherencia, pertinencia y tendencias relacionadas con el programa. | F5: La institución dispone de políticas y/o normativas que organizan la estructura de investigación, la que incluye centros, grupos, unidades, equipos u otros, articulados con líneas de investigación en el marco de la coherencia, pertinencia y tendencias relacionadas con el programa. | G5: La institución dispone de políticas y/o normativas que organizan la estructura de investigación, la que incluye centros, grupos, unidades, equipos u otros, articulados con líneas de investigación en el marco de la coherencia y pertinencia pero no están relacionados a las tendencias del programa. | H5: La institución dispone de políticas y/o normativas que organizan la estructura de investigación, la que incluye centros, grupos, unidades, equipos u otros, articulados con líneas de investigación pero no son coherentes ni pertinentes y tampoco están relacionados a las tendencias del programa. | I5: La institución no dispone de normativa interna, manuales de procedimientos o documentos equivalentes para la gestión de la estructura de investigación. | J5: =VLOOKUP(#REF!,'Escala valoraciones'!$A$1:$B$4,2,FALSE) -> #REF!
E6: 2. El programa promueve la participación de profesores, investigadores y/o estudiantes en iniciativas de investigación. | F6: El programa incentiva la participación de profesores, investigadores y/o estudiantes en iniciativas de investigación relacionadas al campo de conocimiento. Se realiza un seguimiento permanente a la participación y el aporte en cada iniciativa de investigación. | G6: El programa incentiva la participación de profesores, investigadores y/o estudiantes en iniciativas de investigación relacionadas al campo de conocimiento. Se realiza un seguimiento eventual a la participación y el aporte en cada iniciativa de investigación. | H6: El programa incentiva la participación de profesores, investigadores y/o estudiantes en iniciativas de investigación relacionadas al campo de conocimiento. No hay seguimiento a la participación y el aporte en cada iniciativa de investigación. | I6: No existe participación de profesores, investigadores y/o estudiantes en iniciativas de investigación relacionadas al campo de conocimiento. | J6: =VLOOKUP(#REF!,'Escala valoraciones'!$A$1:$B$4,2,FALSE) -> #REF!
E7: 3. Los centros, grupos, unidades o equipos de investigación nacionales o internacionales articulados al programa se encuentran activos, generando y transfiriendo resultados de investigación. | F7: Los centros, grupos, unidades o equipos de investigación nacionales o internacionales articulados al programa se encuentran activos, generando y transfiriendo resultados de investigación. | G7: Los centros, grupos, unidades o equipos de investigación nacionales o internacionales articulados al programa se encuentran activos y generando pero no transfiriendo resultados de investigación. | H7: Los centros, grupos, unidades o equipos de investigación nacionales o internacionales articulados al programa se encuentran activos pero no generan ni transfieren resultados de investigación. | I7: Los centros, grupos, unidades o equipos de investigación nacionales o internacionales articulados al programa no se encuentran activos. | J7: =VLOOKUP(#REF!,'Escala valoraciones'!$A$1:$B$4,2,FALSE) -> #REF!
E8: Para el caso de programas de doctorado, además se considera lo siguiente: 4. Los procesos de investigación doctoral están articulados con la estructura institucional de investigación, generando resultados investigativos. | F8: Los planes de tesis doctoral están articulados con las líneas de investigación institucionales y sus niveles de organización. Los doctorandos participan en un grupo, centro, unidad o equipo de investigación, entre otros, y han contribuido a la producción científica de la institución a través de sus tesis doctorales. | G8: Los planes de tesis doctoral están articulados con las líneas de investigación institucionales y sus niveles de organización. Los doctorandos participan en un grupo, centro, unidad o equipo de investigación, entre otros, pero no han contribuido a la producción científica de la institución a través de sus tesis doctorales. | H8: Los planes de tesis doctoral están articulados con las líneas de investigación institucionales y sus niveles de organización. Los doctorandos no participan en un grupo, centro, unidad o equipo de investigación, entre otros, ni han contribuido a la producción científica de la institución a través de sus tesis doctorales. | I8: No existe planes de tesis doctoral. Los doctorandos no participan en grupos, centros, unidades o equipos de investigación. | J8: =VLOOKUP(#REF!,'Escala valoraciones'!$A$1:$B$4,2,FALSE) -> #REF!
B10: RESULTADOS DE I+D+I | C10: PRODUCCIÓN CIENTÍFICA DE NIVEL 1 | D10: Doctorado: El programa cuenta con un índice de producción científica de al menos 1,3 para publicaciones de nivel 1, como resultado de la actividad investigadora de los proyectos desarrollados en los centros, grupos, unidades o equipos de investigación en la que participan los profesores, investigadores y/o estudiantes (en coautoría) del programa durante el período de evaluación. | E10: Indicador cuantitativo cuyo cumplimiento se determina mediante el uso de una función de utilidad definida con base en el desempeño de todos los programas de un determinado campo de conocimiento evaluados en un mismo proceso
C12: PRODUCCIÓN CIENTÍFICA DE NIVEL 2 | D12: Especialización y Maestría Académica: El programa cuenta con una producción científica de al menos 6 en publicaciones de nivel 2, que incluye, productos científicos y/o tecnológicos, como resultado de los procesos de investigación en los que han participado los profesores, investigadores y/o estudiantes (en coautoría) del programa durante el período de evaluación. Doctorado: El programa cuenta con un índice de al menos 1 en producción científica de nivel 2, como resultado de la actividad investigadora en los proyectos desarrollados por los centros, grupos, unidades o equipos de investigación en los que han participado los profesores durante el período de evaluación. | E12: Indicador cuantitativo cuyo cumplimiento se determina mediante el uso de una función de utilidad definida con base en el desempeño de todos los programas de un determinado campo de conocimiento evaluados en un mismo proceso
C14: PRODUCCIÓN CIENTÍFICA DE NIVEL 3 (REGIONAL) | D14: Especialización y Maestría Académica: El programa ha generado una producción científica de nivel 3 (regional) de al menos 15 artículos, como resultado de los procesos de investigación en los que han participado los profesores durante el período de evaluación. Doctorado: El programa cuenta con un índice de producción científica de nivel 3 (regional) de al menos 1, como resultado de los procesos de investigación en los que han participado los profesores, durante el período de evaluación. | E14: Indicador cuantitativo cuyo cumplimiento se determina mediante el uso de una función de utilidad definida con base en el desempeño de todos los programas de un determinado campo de conocimiento evaluados en un mismo proceso
C16: PRODUCCIÓN DE LIBROS, CAPÍTULOS DE LIBRO O PONENCIA | D16: Especialización y Maestría Académica: El programa de posgrado ha publicado al menos dos (2) libros o su equivalente en capítulos de libro o ponencias, revisados por pares externos o por el comité científico u organizador (ponencias), derivados de la actividad investigadora de los proyectos en los que han participado los profesores, investigadores y/o estudiantes del programa durante el período de evaluación. No se considerará, producción científica con características endogámicas. | E16: Indicador cuantitativo cuyo cumplimiento se determina mediante el uso de una función de utilidad definida con base en el desempeño de todos los programas de un determinado campo de conocimiento evaluados en un mismo proceso
B18: DIFUSIÓN, DIVULGACIÓN Y COLABORACIÓN CIENTÍFICA | C18: DIFUSIÓN Y DIVULGACIÓN DE RESULTADOS DE INVESTIGACIÓN | D18: Especialización y Maestría Académica: El programa o instancia institucional ha organizado o participado de manera independiente o en colaboración con otros programas o instituciones, espacios y actividades para difundir, divulgar y transferir resultados de investigación. Doctorado: El programa o instancia institucional ha organizado o participado de manera independiente o en colaboración con otros programas o instituciones, espacios y actividades para difundir, divulgar y transferir resultados de investigación a partir de sus planes de formación doctoral. | E18: 1. El programa o instancia institucional ha realizado o participado en espacios y actividades para difundir, divulgar y transferir resultados de investigación. | F18: El programa o instancia institucional ha realizado o participado en espacios y actividades para difundir, divulgar y transferir resultados de investigación. | G18: El programa o instancia institucional ha realizado o participado en espacios y actividades para difundir, divulgar pero no transferir resultados de investigación. | H18: El programa o instancia institucional ha realizado o participado en espacios y actividades para difundir pero no para divulgar ni transferir resultados de investigación. | I18: El programa no ha participado ni organizado espacios de difusión, divulgación y transferencia de resultados de investigación. | J18: =VLOOKUP(#REF!,'Escala valoraciones'!$A$1:$B$4,2,FALSE) -> #REF!
E19: 2. Los profesores y/o estudiantes del programa de posgrado, difunden y divulgan los resultados de investigación en los espacios y actividades previstas. | F19: Los profesores y/o estudiantes del programa de posgrado, difunden y divulgan los resultados de investigación en los espacios y actividades previstas. | G19: Los profesores y/o estudiantes del programa de posgrado, difunden pero no divulgan los resultados de investigación en los espacios y actividades previstas. | H19: Los profesores y/o estudiantes del programa de posgrado difunden los resultados de investigación únicamente a través de su página web y no cuentan con espacios ni actividades previstas para el efecto. | I19: El programa no demuestra participación de sus profesores y estudiantes en actividades propias o de colaboración para difundir, divulgar y transferir resultados de investigación. | J19: =VLOOKUP(#REF!,'Escala valoraciones'!$A$1:$B$4,2,FALSE) -> #REF!
E20: Para el caso de programas de doctorado, además se considera lo siguiente: 3. El programa ha llevado a cabo actividades de transferencia social del conocimiento basadas en los resultados de las tesis doctorales, involucrando a los interesados y posibles usuarios de estos. | F20: El programa ha llevado a cabo actividades de difusión y transferencia social del conocimiento basadas en los resultados de las tesis doctorales, involucrando a los interesados y posibles usuarios de estos. | G20: El programa ha llevado a cabo actividades de difusión y transferencia social del conocimiento basadas en los resultados de las tesis doctorales, involucrando a los interesados pero no a los posibles usuarios de estos. | H20: El programa ha llevado a cabo actividades de difusión y transferencia social del conocimiento basadas en los resultados de las tesis doctorales pero no ha involucrado a los interesados ni a los posibles usuarios de estos. | I20: El programa no ha llevado a cabo actividades de difusión ni transferencia social del conocimiento. | J20: =VLOOKUP(#REF!,'Escala valoraciones'!$A$1:$B$4,2,FALSE) -> #REF!
C22: COLABORACIÓN CIENTÍFICA | D22: Especialización y Maestría Académica: Los profesores del programa colaboran en comités editoriales o participan como revisores de artículos en revistas indexadas, programas o proyectos, así como en organizaciones, redes y sociedades científicas relacionadas con el programa. Esta colaboración contribuye a mejorar la calidad e internacionalización del programa. Doctorado: Los profesores del programa colaboran en comités editoriales o participan como revisores de artículos en revistas de nivel 1 y nivel 2 (indexadas en Scopus o Web of Science), programas o proyectos; así como, miembros en organizaciones, redes y sociedades científicas relacionadas con el programa. Esta colaboración contribuye a mejorar la calidad e internacionalización del programa. | E22: 1. El programa cuenta con producción científica desarrollada en red por profesores y estudiantes del programa. | F22: El programa cuenta con producción científica desarrollada en red por profesores y estudiantes del programa. | G22: El programa cuenta con producción científica desarrollada en red únicamente por los profesores del programa. | H22: El programa cuenta con producción científica de profesores y estudiantes del programa que no ha sido desarrollada en red. | I22: El programa no cuenta con la participación de sus profesores ni de sus estudiantes en productos científicos y/o tecnológicos realizados en redes de cooperación científica afines con el objeto de estudio del programa. | J22: =VLOOKUP(#REF!,'Escala valoraciones'!$A$1:$B$4,2,FALSE) -> #REF!
E23: 2. Los profesores del programa de posgrado han desarrollado actividades de colaboración científica [miembros de comités editoriales y revisores/pares de revistas de nivel 1 y nivel 2 (indexadas Scopus o Web of Science) para el caso de doctorado], revisores de programas o proyectos y en organizaciones, sociedades científicas para la comunidad académica, entre otras, durante el periodo de evaluación. | F23: Las actividades de colaboración científica de los profesores del programa [miembros de comités editoriales y revisores/pares de revistas de nivel 1 y nivel 2 (Scopus o Web of Science) para el caso de doctorados] han contribuido a la calidad de la investigación generada por el programa y su internacionalización. | G23: Las actividades de colaboración científica de los profesores del programa [miembros de comités editoriales y revisores/pares de revistas de nivel 1 y nivel 2 (Scopus o Web of Science) para el caso de doctorados] han contribuido a la calidad de la investigación generada por el programa pero no a su internacionalización. | H23: Las actividades de colaboración científica de los profesores del programa [miembros de comités editoriales y revisores/pares de revistas de nivel 1 y nivel 2 (Scopus o Web of Science) para el caso de doctorados] no han contribuido a la calidad de la investigación generada por el programa. | I23: Los profesores del programa de posgrado no han participado en actividades de colaboración científica a nivel nacional o internacional durante el periodo de evaluación. | J23: =VLOOKUP(#REF!,'Escala valoraciones'!$A$1:$B$4,2,FALSE) -> #REF!
E24: 3. Las actividades de colaboración científica han favorecido la movilidad académica de profesores y estudiantes a nivel nacional e internacional. | F24: Los profesores y estudiantes del programa de posgrado han realizado movilidad académica a nivel nacional e internacional, como resultado de las actividades de colaboración científica. | G24: Los profesores y estudiantes del programa de posgrado han realizado movilidad académica a nivel nacional o internacional, como resultado de las actividades de colaboración científica. | H24: Los profesores o estudiantes del programa de posgrado han realizado movilidad académica a nivel nacional o internacional, como resultado de las actividades de colaboración científica. | I24: Las actividades de colaboración científica no han favorecido la movilidad académica de profesores y estudiantes a nivel nacional e internacional. | J24: =VLOOKUP(#REF!,'Escala valoraciones'!$A$1:$B$4,2,FALSE) -> #REF!

Sheet Rub. Vinculación
B1: Volver a Contenido
A4: CRITERIO | B4: SUBCRITERIO | C4: INDICADOR | D4: ESTÁNDAR | E4: ELEMENTO FUNDAMENTAL | F4: SATISFACTORIO (1) | G4: CUASI SATISFACTORIO (0,7) | H4: POCO SATISFACTORIO (0,35) | I4: DEFICIENTE (0) | J4: EQ. NUMÉRICA
A5: VINCULACIÓN CON LA SOCIEDAD | B5: GESTIÓN | C5: GESTIÓN DE LA VINCULACIÓN | D5: La institución cuenta con una estructura de vinculación con la sociedad que ejecuta actividades en las que participan los profesores y estudiantes del programa de acuerdo con el nivel de formación y modalidad de estudios del programa. | E5: 1. La institución o instancia institucional correspondiente, en su normativa referida de vinculación incluye la participación de los profesores y estudiantes de los programas de posgrado en los proyectos y/o actividades de vinculación con la sociedad. | F5: Existe normativa interna que incluye la participación de los profesores y estudiantes en los proyectos y/o actividades de vinculación con la sociedad que contribuyan con su formación y provean de información para la toma de decisiones. | G5: Existe normativa interna que incluye la participación de los profesores y estudiantes en los proyectos y/o actividades de vinculación con la sociedad que contribuyan con su formación pero no establece que estas deban proveer información para la toma de decisiones. | H5: Existe normativa interna que incluye la participación en los proyectos y/o actividades de vinculación con la sociedad únicamente para los profesores del programa. | I5: No existe normativa interna que incluya las participación de los profesores y estudiantes en los proyectos y/o actividades de vinculación con la sociedad. | J5: =VLOOKUP(#REF!,'Escala valoraciones'!$A$1:$B$4,2,FALSE) -> #REF!
E6: 2. La planificación de las actividades de vinculación con la sociedad, en las que participan los profesores y estudiantes del programa, está relacionada con el campo de Educación. | F6: Las actividades de vinculación con la sociedad planificadas, en las que participan los profesores y estudiantes del programa, están relacionadas con el campo de Educación, y toman en cuenta su nivel de formación y modalidad de estudio. | G6: Las actividades planificadas de vinculación con la sociedad, en las que participan los profesores y estudiantes del programa, están relacionadas con el campo de Educación, y toman en cuenta su nivel de formación o su modalidad de estudio. | H6: Las actividades planificadas de vinculación con la sociedad, en las que participan los profesores y estudiantes del programa están relacionadas con el campo de Educación, pero no toman en cuenta su nivel de formación ni su modalidad de estudio. | I6: Las actividades planificadas de vinculación con la sociedad, en las que participan los profesores y estudiantes del programa no están relacionadas con el campo de Educación, y no toman en cuenta su nivel de formación ni su modalidad de estudio. | J6: =VLOOKUP(#REF!,'Escala valoraciones'!$A$1:$B$4,2,FALSE) -> #REF!
E7: 3. La ejecución de actividades de vinculación con la sociedad, en las que participan profesores y estudiantes del programa, se realiza de acuerdo con la planificación de vinculación institucional establecida. | F7: Las actividades de vinculación en las que participan los profesores y estudiantes del programa se articulan a la planificación institucional y su ejecución es monitoreada de manera periódica | G7: Las actividades de vinculación en las que participan los profesores y estudiantes del programa se articulan a la planificación institucional, sin embargo su ejecución no es monitoreada de manera periódica. | H7: Las actividades de vinculación en las que participan los profesores y estudiantes del programa no se articulan a la planificación institucional y no se monitorea su ejecución. | I7: En las actividades de vinculación participan únicamente los profesores del programa y estas no se articulan la planificación institucional ni se monitorea su ejecución. | J7: =VLOOKUP(#REF!,'Escala valoraciones'!$A$1:$B$4,2,FALSE) -> #REF!
B9: RESULTADOS | C9: CUMPLIMIENTO DE LOS OBJETIVOS DE VINCULACIÓN | D9: Los lineamientos, normativa o planificación institucional de vinculación, incluyen objetivos específicos en los que se contemplan las actividades de vinculación, en las que participa el programa a través de sus profesores y estudiantes; permitiendo su cumplimiento; y, el registro del nivel de satisfacción de sus beneficiarios. | E9: 1. Los objetivos planteados en la planificación institucional de vinculación incluyen aquellos específicos para los programas de posgrado. | F9: Se incluyen objetivos específicos para los programas de posgrado en los objetivos de la planificación institucional de vinculación. | G9: Se incluyen objetivos generales para los programas de posgrado en los objetivos de la planificación institucional de vinculación. | H9: La planificación institucional de vinculación menciona a los programas de posgrado, pero no incluye objetivos generales ni específicos al respecto. | I9: La planificación institucional de vinculación no menciona a los programas de posgrado | J9: =VLOOKUP(#REF!,'Escala valoraciones'!$A$1:$B$4,2,FALSE) -> #REF!
E10: 2. Las actividades desarrolladas, aportan en el cumplimiento de objetivos planteados en la planificación institucional de vinculación que están relacionados con el programa. | F10: Las actividades de vinculación desarrolladas por los profesores y estudiantes contribuyen al cumplimiento de los objetivos de la planificación institucional de vinculación relacionados con el programa. Se realiza un seguimiento de estas actividades y la información se usa para la toma de decisiones. | G10: Las actividades de vinculación desarrolladas por los profesores y estudiantes contribuyen al cumplimiento de los objetivos de la planificación institucional de vinculación relacionados con el programa. Se realiza un seguimiento de estas actividades, sin embargo, no se evidencia que la información haya sido usada para la toma de decisiones. | H10: Las actividades de vinculación desarrolladas por los profesores y estudiantes contribuyen al cumplimiento de los objetivos de la planificación institucional de vinculación relacionados con el programa. No obstante, no se realiza un seguimiento del cumplimiento de estas actividades. | I10: Las actividades de vinculación desarrolladas por los profesores y estudiantes no contribuyen al cumplimiento de los objetivos de la planificación institucional de vinculación relacionados con el programa y no se realiza un seguimiento de su cumplimiento. | J10: =VLOOKUP(#REF!,'Escala valoraciones'!$A$1:$B$4,2,FALSE) -> #REF!
E11: 3. El programa recoge las opiniones de los beneficiarios sobre las actividades de vinculación desarrolladas, el cumplimiento de estas y los efectos generados a partir de su ejecución. | F11: Se recogen las opiniones de los beneficiarios acerca de las actividades de vinculación desarrolladas, el cumplimiento de estas y los efectos generados a partir de su ejecución. Esta información sirve como insumo para los procesos de mejora del programa. | G11: Se recogen las opiniones de los beneficiarios acerca de las actividades de vinculación desarrolladas, el cumplimiento de estas y los efectos generados a partir de su ejecución. No obstante, no se evidencia que esta información haya servido como insumo para los procesos de mejora del programa. | H11: Se recogen las opiniones de los beneficiarios acerca de las actividades de vinculación desarrolladas y el cumplimiento de estas, pero no sobre los efectos generados a partir de su ejecución. No se evidencia que esta información haya servido como insumo para los procesos de mejora del programa. | I11: No se recogen las opiniones de los beneficiarios de las actividades de vinculación | J11: =VLOOKUP(#REF!,'Escala valoraciones'!$A$1:$B$4,2,FALSE) -> #REF!

Sheet Rub. GRAC
B1: Volver a Contenido
A4: CRITERIO | B4: SUBCRITERIO | C4: INDICADOR | D4: ESTÁNDAR | E4: ELEMENTO FUNDAMENTAL | F4: SATISFACTORIO (1) | G4: CUASI SATISFACTORIO (0,7) | H4: POCO SATISFACTORIO (0,35) | I4: DEFICIENTE (0)
A5: GESTIÓN, RECURSOS Y ASEGURAMIENTO DE LA CALIDAD DEL PROGRAMA | B5: GESTIÓN | C5: DIRECCIÓN DEL PROGRAMA | D5: La dirección del programa está a cargo de un responsable con formación y experiencia tanto profesional como en gestión académica/educativa; de conformidad a la normativa interna; cuenta con un equipo de apoyo (del programa, unidad o institucional) para la atención integral (educativa - administrativa, entre otros) y oportuna a estudiantes y profesores. | E5: 1. El programa cuenta con una dirección, o su equivalente, con funciones y carga horaria establecidas de acuerdo con la normativa institucional. | F5: El programa cuenta con una dirección o su equivalente, con funciones definidas y carga horaria establecida de acuerdo con la normativa institucional. | G5: El programa cuenta con una dirección o su equivalente, con funciones definidas pero no con una carga horaria establecida de acuerdo con la normativa institucional. | H5: El programa cuenta con una dirección o su equivalente, pero no cuenta con funciones ni carga horaria establecida de acuerdo con la normativa institucional. | I5: El programa no cuenta con una dirección o su equivalente establecida de acuerdo con la normativa institucional.
E6: 2. El director, o su equivalente, cuenta con formación de cuarto nivel en el campo de Educación igual o superior al programa de posgrado que dirige; además, cuenta con experiencia docente y en gestión académica/educativa. | F6: El director o su equivalente tiene una formación de cuarto nivel en el campo de Educación, igual o superior al programa de posgrado que dirige; y, cuenta con experiencia docente y en gestión académica/educativa en el campo de conocimiento. | G6: El director o su equivalente tiene una formación de cuarto nivel en el campo de Educación, igual o superior al programa de posgrado que dirige; cuenta con experiencia en gestión académica/educativa, pero no cuenta con experiencia docente en el campo de conocimiento. | H6: El director o su equivalente tiene una formación de cuarto nivel, igual o superior al programa de posgrado que dirige; pero no cuenta con experiencia en gestión académica/educativa, ni con experiencia docente en el campo de conocimiento. | I6: El director o su equivalente no cuenta con la formación necesaria ni con la experiencia docente y en gestión académica/educativa requerida.
E7: 3. El director, o su equivalente, cuenta con un equipo de apoyo para los procesos académicos, investigativos y de gestión del programa. | F7: El director, o su equivalente, cuenta con un equipo de apoyo para los procesos académicos, investigativos y de gestión del programa. | G7: El director, o su equivalente, cuenta con un equipo de apoyo para los procesos académicos e investigativos pero no para los procesos de gestión del programa. | H7: El director, o su equivalente, cuenta con un equipo de apoyo para los procesos académicos pero no para los procesos investigativos ni para los procesos de gestión del programa. | I7: El director o su equivalente no cuenta con un equipo de apoyo para los procesos académicos, investigativos y de gestión del programa.
E8: 4. El personal de apoyo asignado al programa atiende de manera oportuna los procesos y requerimientos educativos y administrativos de los estudiantes y profesores, pudiendo ser este, personal institucional, de la unidad académica o del programa de posgrado, de acuerdo con su planificación. | F8: El personal de apoyo asignado al programa atiende de manera oportuna los procesos y requerimientos educativos y administrativos de los estudiantes y profesores. | G8: El personal de apoyo asignado al programa atiende los procesos y requerimientos educativos y administrativos de los estudiantes y profesores. No se atienden los requerimientos de manera oportuna. | H8: El personal de apoyo asignado al programa atiende los procesos y requerimientos educativos pero no los administrativos de los estudiantes y profesores. | I8: El personal de apoyo asignado al programa no atiende de manera oportuna los procesos y requerimientos educativos y administrativos.
E9: Para el caso programas de doctorado, además se contemplará: 5. La Unidad de Gestión del Programa Doctoral agrupa a los profesores e investigadores que conforman el cuerpo académico del programa. Cuenta con autonomía administrativa y coordina la oferta del doctorado, proyectos de investigación y otros programas relacionados con el campo de conocimiento. | F9: La Unidad de Gestión del Programa Doctoral agrupa a los profesores e investigadores que conforman el cuerpo académico del programa. Cuenta con autonomía administrativa y coordina la oferta del doctorado, proyectos de investigación y otros programas relacionados con el campo de conocimiento. | G9: La Unidad de Gestión del Programa Doctoral agrupa a los profesores e investigadores que conforman el cuerpo académico del programa. Cuenta con autonomía administrativa y coordina la oferta del doctorado, pero no coordina los proyectos de investigación y otros programas relacionados con el campo de conocimiento. | H9: La Unidad de Gestión del Programa Doctoral agrupa a los profesores e investigadores que conforman el cuerpo académico del programa. No cuenta con autonomía administrativa por lo tanto no coordina la oferta del doctorado, los proyectos de investigación y otros programas relacionados con el campo de conocimiento. | I9: La Unidad de Gestión del Programa Doctoral no agrupa a los profesores e investigadores que conforman el cuerpo académico del programa. Tampoco cuenta con autonomía administrativa por lo tanto no coordina la oferta del doctorado, los proyectos de investigación y otros programas relacionados con el campo de conocimiento.
E10: 6. El Comité Doctoral opera de conformidad con la normativa institucional; y, sus decisiones orientan la actividad académica, investigativa y de gestión del programa en coordinación con la Unidad de Gestión del Programa Doctoral. | F10: El Comité Doctoral opera enmarcado en la normativa institucional. Sus decisiones orientan la actividad académica, investigativa y de gestión del programa de doctorado. | G10: El Comité Doctoral opera enmarcado en la normativa institucional. Sus decisiones orientan la actividad académica e investigativa del programa pero no orientan las actividades de gestión del programa de doctorado. | H10: El Comité Doctoral opera enmarcado en la normativa institucional. Sin embargo, sus decisiones no orientan la actividad académica, investigativa ni de gestión del programa de doctorado. | I10: El Comité Doctoral no opera de conformidad con la normativa institucional, y sus decisiones no orientan adecuadamente la actividad académica, investigativa y de gestión del programa de doctorado.
C12: GESTIÓN ACADÉMICA/EDUCATIVA DEL PROGRAMA | D12: La gestión académica/educativa del programa se realiza de manera articulada a la planificación institucional, para asegurar el desarrollo de las actividades concernientes a la gestión y logro de sus objetivos. | E12: 1. La planificación del programa se articula en correspondencia con la planificación institucional. | F12: La planificación del programa se articula en correspondencia con la planificación institucional. Existe alineación entre los objetivos y metas del programa de posgrado y la visión estratégica de la institución, además la planificación contempla actividades concernientes a la gestión eficiente del programa. | G12: La planificación del programa se articula en correspondencia con la planificación institucional. Existe alineación entre los objetivos y metas del programa de posgrado y la visión estratégica de la institución, la planificación no contempla actividades concernientes a la gestión eficiente del programa. | H12: La planificación del programa se articula en correspondencia con la planificación institucional. No existe alineación entre los objetivos y metas del programa de posgrado y la visión estratégica de la institución. | I12: La planificación del programa no se articula en correspondencia con la planificación institucional.
E13: 2. El programa realiza el seguimiento periódico y sistemático de la ejecución de la planificación que le concierne, para procurar su cumplimiento oportuno y el logro de sus objetivos. | F13: El programa realiza un seguimiento sistemático de la ejecución de la planificación. Se cumplen los objetivos de manera oportuna, y se realizan los ajustes en función de los resultados del seguimiento. | G13: El programa realiza un seguimiento sistemático de la ejecución de la planificación. Se cumplen los objetivos de manera oportuna, pero no se realizan los ajustes en función de los resultados del seguimiento. | H13: El programa realiza un seguimiento a la ejecución de la planificación. No se cumplen los objetivos de manera oportuna y no se realizan los ajustes en función de los resultados del seguimiento. | I13: El programa no realiza un seguimiento a la ejecución de la planificación.
E14: 3. El programa desarrolla el seguimiento a la gestión de ambientes de aprendizaje y establece planes de mejora continua en coordinación con la instancia institucional correspondiente. | F14: El programa realiza un seguimiento sistemático de la gestión de ambientes de aprendizaje y establece planes de mejora continua en coordinación con la instancia institucional correspondiente. Los resultados del seguimiento se utilizan para mejorar la calidad del aprendizaje. | G14: El programa realiza un seguimiento sistemático de la gestión de ambientes de aprendizaje y establece planes de mejora continua en coordinación con la instancia institucional correspondiente. Los resultados del seguimiento no se utilizan para mejorar la calidad del aprendizaje. | H14: El programa realiza un seguimiento sistemático de la gestión de ambientes de aprendizaje pero no establece planes de mejora continua. | I14: El programa no realiza un seguimiento sistemático de la gestión de ambientes de aprendizaje por lo tanto tampoco se establece planes de mejora continua.
B16: RECURSOS | C16: AMBIENTES DE APRENDIZAJE | D16: La UEP ofrece a los estudiantes del programa, ambientes de aprendizaje y experimentación, para los procesos educativos y académicos, que cuentan con los recursos: físicos, digitales, instruccionales, tecnopedagógicos, didácticos necesarios, pertinentes y suficientes para articular su diseño curricular y alcanzar los resultados de aprendizaje propuestos; con base en el modelo educativo y/o pedagógico de la institución. Se planifica su uso, mantenimiento y renovación de forma coordinada con la instancia institucional correspondiente. | E16: 1. Los ambientes de aprendizaje y/o experimentación que utiliza el programa, cuentan con las condiciones físicas y digitales (aulas, entornos virtuales, conectividad, laboratorios, entre otros), accesibles, necesarias y suficientes para el desarrollo de las actividades de enseñanza - aprendizaje, acorde al campo de conocimiento, nivel de formación y modalidad de estudios. | F16: Los ambientes de aprendizaje y experimentación cuentan con las condiciones físicas y digitales (aulas, entornos virtuales, conectividad, laboratorios, entre otros) necesarias, accesibles y suficientes para el desarrollo de las actividades de enseñanza - aprendizaje. | G16: Los ambientes de aprendizaje y experimentación cuentan con las condiciones físicas y digitales (aulas, entornos virtuales, conectividad, laboratorios, entre otros) necesarias, accesibles pero no suficientes para el desarrollo de las actividades de enseñanza - aprendizaje. | H16: Los ambientes de aprendizaje y experimentación cuentan con las condiciones físicas y digitales (aulas, entornos virtuales, conectividad, laboratorios, entre otros) necesarias, estos ambientes no son accesibles ni suficientes para el desarrollo de las actividades de enseñanza - aprendizaje. | I16: Los ambientes de aprendizaje y experimentación no cuentan con las condiciones físicas y digitales (aulas, entornos virtuales, conectividad, laboratorios, entre otros) necesarias para el desarrollo de las actividades de enseñanza - aprendizaje.
E17: 2. La instancia institucional correspondiente planifica el uso, mantenimiento preventivo y correctivo y renovación de los ambientes de aprendizaje o experimentación que son utilizados por el programa de posgrado. | F17: La instancia institucional correspondiente planifica el uso, mantenimiento preventivo y correctivo y renovación de los ambientes de aprendizaje o experimentación que son utilizados por el programa de posgrado. | G17: La instancia institucional correspondiente planifica el uso, mantenimiento preventivo y correctivo pero no la renovación de los ambientes de aprendizaje o experimentación que son utilizados por el programa de posgrado. | H17: La instancia institucional correspondiente planifica el uso, pero no el mantenimiento preventivo, correctivo ni la renovación de los ambientes de aprendizaje o experimentación que son utilizados por el programa de posgrado. | I17: La instancia institucional correspondiente no planifica el uso, ni el mantenimiento preventivo, correctivo o la renovación de los ambientes de aprendizaje o experimentación que son utilizados por el programa de posgrado.
E18: 3. Los ambientes de aprendizaje y/o experimentación que utiliza el programa, permiten el desarrollo de actividades tecnopedagógicas que propicien el aprendizaje de acuerdo con el modelo educativo y/o pedagógico de la institución. | F18: Los ambientes de aprendizaje y/o experimentación, permiten el desarrollo de actividades tecnopedagógicas que propician el aprendizaje de acuerdo con el modelo educativo y/o pedagógico de la institución. | G18: Los ambientes de aprendizaje y/o experimentación, permiten el desarrollo de actividades tecnopedagógicas que propician el aprendizaje pero no se ajustan al modelo educativo y/o pedagógico de la institución. | H18: Los ambientes de aprendizaje y/o experimentación que utiliza el programa, permiten el desarrollo de actividades tecnopedagógicas y didácticas, sin embargo, estas no propician el aprendizaje ni se ajustan al modelo educativo y/o pedagógico de la institución. | I18: Los ambientes de aprendizaje y/o experimentación que utiliza el programa, no permiten el desarrollo de actividades tecnopedagógicas que propicien el aprendizaje.
E19: 4. El programa cuenta con un Entorno Virtual de Aprendizaje (EVA) accesible y acorde a la modalidad de estudio, que facilita el desarrollo del proceso de enseñanza-aprendizaje, que contemple: recursos tecnopedagógicos, didácticos, diseño instruccional, actividades sincrónicas y asincrónicas a través de herramientas colaborativas, entre otras. | F19: El programa cuenta con un Entorno Virtual de Aprendizaje (EVA) accesible y acorde a la modalidad de estudio, que facilita el desarrollo del proceso de enseñanza-aprendizaje. | G19: El programa cuenta con un Entorno Virtual de Aprendizaje (EVA) accesible y acorde a la modalidad de estudio, pero que no facilita el desarrollo del proceso de enseñanza-aprendizaje. | H19: El programa cuenta con un Entorno Virtual de Aprendizaje (EVA) accesible pero no acorde a la modalidad de estudio, por lo que no facilita el desarrollo del proceso de enseñanza-aprendizaje. | I19: El programa no cuenta con un Entorno Virtual de Aprendizaje (EVA) que facilite el desarrollo del proceso de enseñanza-aprendizaje.
E20: 5. El programa o la instancia institucional correspondiente, desarrolla el seguimiento a la gestión de ambientes de aprendizaje y establece planes de mejora continua. | F20: El programa realiza un seguimiento sistemático y preventivo del estado de los ambientes de aprendizaje y establece planes de mejora continua en coordinación con la instancia institucional correspondiente. Los resultados del seguimiento se utilizan para mejorar la calidad de los ambientes aprendizaje. | G20: El programa realiza un seguimiento eventual y reactivo del estado de los ambientes de aprendizaje y establece planes de mejora continua en coordinación con la instancia institucional correspondiente. Los resultados del seguimiento se utilizan para mejorar la calidad de los ambientes aprendizaje. | H20: El programa realiza un seguimiento del estado de los ambientes de aprendizaje pero no establece planes de mejora continua. Los resultados del seguimiento no se utilizan para mejorar la calidad de los ambientes aprendizaje. | I20: El programa no realiza un seguimiento del estado de los ambientes de aprendizaje ni establece planes de mejora continua o actividades para mejorar la calidad de los ambientes aprendizaje.
C22: ACERVO BIBLIOGRÁFICO | D22: La UEP cuenta con bases bibliográficas digitales; bibliotecas físicas y otros recursos de información necesarios que apoyan los procesos de enseñanza-aprendizaje, del programa. | E22: 1. La bibliografía requerida en el programa está disponible a través de bases bibliográficas digitales y/o bibliotecas físicas y otros recursos de información relacionados con la multidisciplinariedad en el campo de conocimiento de Educación. | F22: La bibliografía requerida está disponible a través de bases bibliográficas digitales de alcance mundial, regional y local, así como bibliotecas físicas y otros recursos de información relacionados con la multidisciplinariedad en el campo de conocimiento. | G22: La bibliografía requerida está disponible a través de bases bibliográficas digitales de alcance mundial, regional y local, así como bibliotecas físicas, pero no se encuentran disponibles otros recursos de información relacionados con la multidisciplinariedad en el campo de conocimiento. | H22: No todos los recursos bibliográficos están disponibles a través de bases bibliográficas digitales o bibliotecas físicas. | I22: La bibliografía requerida no está disponible a través de bases bibliográficas digitales ni bibliotecas físicas.
E23: 2. El programa gestiona a través de la instancia pertinente, la actualización del acervo bibliográfico y/o repositorios digitales y físicos. | F23: El programa gestiona de manera oportuna y periódica a través de la instancia pertinente, la actualización del acervo bibliográfico y/o repositorios digitales y físicos. | G23: El programa gestiona de manera oportuna y periódica a través de la instancia pertinente, la actualización del acervo bibliográfico y/o repositorios digitales pero no físicos. | H23: El programa gestiona a través de la instancia pertinente, la actualización del acervo bibliográfico y/o repositorios digitales o físicos. | I23: El programa no gestiona a través de la instancia pertinente, la actualización del acervo bibliográfico y/o repositorios digitales o físicos.
E24: 3. El programa cuenta con acervo bibliográfico físico y/o digital, articulado con las actividades planificadas en el syllabus. | F24: El programa cuenta con recursos físicos y/o digitales articulados con las actividades planificadas en el syllabus. Los recursos son accesibles y suficientes de acuerdo con las necesidades del programa. | G24: El programa cuenta con recursos físicos y/o digitales articulados con las actividades planificadas en el syllabus. Los recursos son accesibles pero no suficientes de acuerdo con las necesidades del programa. | H24: El programa cuenta con recursos físicos y/o digitales articulados con las actividades planificadas en el syllabus. Los recursos no son accesibles ni suficientes de acuerdo con las necesidades del programa. | I24: El programa no cuenta con recursos físicos y/o digitales articulados con las actividades planificadas en el syllabus.
E25: 4. El programa o la instancia institucional correspondiente, desarrolla el seguimiento a la gestión del acervo bibliográfico y establece planes de mejora continua. | F25: El programa o la instancia institucional realiza un seguimiento sistemático de la gestión del acervo bibliográfico y establece e implementa planes de mejora continua. Los resultados del seguimiento se utilizan para mejorar la calidad de la gestión del acervo bibliográfico. | G25: El programa o la instancia institucional realiza un seguimiento sistemático de la gestión del acervo bibliográfico y con base en el análisis de los resultados establece planes de mejora continua, sin embargo, no evidencia que los haya implementado. | H25: El programa o la instancia institucional realiza un seguimiento de la gestión del acervo bibliográfico pero no establece ni implementa planes de mejora continua. | I25: El programa o la instancia institucional no realiza un seguimiento de la gestión del acervo bibliográfico ni establece planes de mejora continua.
B27: ASEGURAMIENTO DE LA CALIDAD | C27: AUTOEVALUACIÓN DEL PROGRAMA | D27: El programa ejecuta procesos de autoevaluación, en el marco de la normativa institucional para identificar las oportunidades de mejora, con la participación de los actores involucrados en el desarrollo de las funciones sustantivas, lo que le permite reflexionar sobre los aspectos que debe mejorar y los que puede potenciar para aumentar la calidad de sus procesos y la enseñanza, lograr los objetivos del programa y consolidar el sistema para el aseguramiento de la calidad. | E27: 1. Los procesos de autoevaluación del programa se enmarcan en la normativa institucional de aseguramiento de la calidad. | F27: La normativa institucional de aseguramiento de la calidad considera de manera específica los procesos de autoevaluación del programa. | G27: La normativa institucional de aseguramiento de la calidad considera de manera general los procesos de autoevaluación del programa. | H27: La normativa institucional de aseguramiento de la calidad no considera de manera general ni específica los procesos de autoevaluación que realiza el programa. | I27: El programa no realiza procesos de autoevaluación.
E28: 2. El programa en coordinación con la instancia institucional analiza cómo los procesos de autoevaluación con base en el modelo aportan al aseguramiento de la calidad y mejora continua. | F28: El programa en coordinación con la instancia institucional promueve la participación de todos los actores de la comunidad educativa en la reflexión autocrítica para el fomento de una cultura de calidad. | G28: El programa en coordinación con la instancia institucional promueve la participación de una parte de los actores de la comunidad educativa en la reflexión autocrítica para el fomento de una cultura de calidad. | H28: El programa en coordinación con la instancia institucional promueve la participación únicamente de las autoridades en la reflexión autocrítica para el fomento de una cultura de calidad. | I28: El programa no promueve la participación de la comunidad educativa en la reflexión autocrítica para el fomento de una cultura de calidad.
E29: 3. Los procesos de autoevaluación se realizan con la participación de profesores, estudiantes, personal administrativo y otros actores clave de las funciones sustantivas, nivel de formación y modalidad de estudios del programa de posgrado. | F29: Los procesos de autoevaluación se realizan con la participación de profesores, estudiantes, personal administrativo y otros actores clave de las funciones sustantivas, nivel de formación y modalidad de estudios del programa de posgrado. | G29: Los procesos de autoevaluación se realizan con la participación de profesores, estudiantes y personal administrativo, pero no se incluyen otros actores clave de las funciones sustantivas, nivel de formación y modalidad de estudios del programa de posgrado. | H29: Los procesos de autoevaluación se realizan únicamente con la participación de profesores y personal administrativo, pero no se incluye a los estudiantes. | I29: En el proceso de autoevaluación solo interviene la instancia institucional pertinente.
E30: 4. El análisis y los resultados del proceso son recogidos en el respectivo informe de autoevaluación del programa de posgrado. | F30: El informe de autoevaluación del programa de posgrado contiene el análisis y los resultados del proceso. | G30: El informe de autoevaluación del programa de posgrado contiene el análisis pero no los resultados del proceso. | H30: El informe de autoevaluación del programa de posgrado no contiene el análisis ni los resultados del proceso. | I30: El programa no cuenta con un informe de autoevaluación.
E31: 5. Los resultados de autoevaluación del programa son conocidos y analizados por los actores del programa de manera oportuna para la identificación de oportunidades de mejora. (Visita in situ) | F31: Los actores del programa conocen y analizan los resultados de autoevaluación de manera oportuna e identifican aspectos a mejorar. | G31: Los actores del programa conocen y analizan los resultados de autoevaluación de manera oportuna pero no identifican aspectos a mejorar. | H31: Los actores del programa conocen los resultados de autoevaluación. No se realiza un análisis ni se identifican aspectos a mejorar. | I31: Los actores del programa no conocen los resultados de autoevaluación.
C33: PLAN DE MEJORAS | D33: El programa cuenta con un plan de mejoras que integra las acciones a seguir para el mejoramiento continuo, identificadas a partir del proceso de autoevaluación. Este plan de mejoras establece el qué, cómo y cuándo se van a ejecutar las actividades encaminadas a corregir debilidades y a potenciar las fortalezas y buenas prácticas para mejorar la calidad del programa; está estructurado de manera que es factible realizar el seguimiento y la medición del avance en el cumplimiento de las metas y objetivos del programa. | E33: 1. El plan de mejoras del programa se elabora a partir de los resultados del proceso de autoevaluación de este, que le permite establecer nuevas metas y objetivos a cumplir. | F33: Los resultados del proceso de autoevaluación son la base para el plan de mejoras y se establecen nuevas metas y objetivos a cumplir. | G33: Los resultados del proceso de autoevaluación son la base para el plan de mejoras y no se establecen nuevas metas y objetivos a cumplir. | H33: El plan de mejoras no toma en cuenta los resultados del proceso de autoevaluación y no se establecen nuevas metas y objetivos a cumplir. | I33: El programa no cuenta con un plan de mejoras
E34: 2. El plan de mejoras del programa está articulado a la planificación institucional en lo pertinente a la autoevaluación y gestión de la calidad. | F34: Hay articulación del plan de mejoras con la planificación institucional en lo pertinente a la autoevaluación y gestión de la calidad. | G34: Hay articulación del plan de mejoras con la planificación institucional en lo pertinente, únicamente a la autoevaluación o a la gestión de la calidad. | H34: No hay articulación del plan de mejoras con la planificación institucional en lo pertinente a la autoevaluación ni a la gestión de la calidad. | I34: El programa no contempla un plan de mejoras, y la planificación institucional no contempla aspectos relacionados con la autoevaluación o gestión de la calidad de los programas de posgrado.
E35: 3. El plan de mejoras del programa incluye, al menos, los siguientes elementos: - Objetivos y metas por lograr. - Actividades para alcanzar las metas y objetivos. - Indicadores de cumplimiento que permiten evaluar el avance. - Fechas de realización y cumplimiento de las actividades. - Responsables de la ejecución de estas actividades. - Estado de las actividades, metas y objetivos del plan de mejoras. | F35: El plan de mejoras del programa incluye el desarrollo de todos los elementos mencionados para su estructura. | G35: El plan de mejoras del programa incluye al menos el desarrollo de 4 de los elementos mencionados para su estructura. | H35: El plan de mejoras del programa incluye el desarrollo de menos de 4 de los elementos mencionados para su estructura. | I35: El programa no cuenta con un plan de mejoras o este no incluye ninguno de los elementos mencionados para su estructura.
E36: 4. El programa realiza el seguimiento a la ejecución del plan de mejoras y evalúa el avance en el logro de las metas y objetivos planteados. | F36: Existe seguimiento a la ejecución del plan de mejoras y evaluación del avance en el logro de las metas y objetivos planteados. | G36: Existe seguimiento a la ejecución del plan de mejoras sin evaluación del avance en el logro de las metas y objetivos planteados. | H36: No existe seguimiento a la ejecución del plan de mejoras ni evaluación del avance en el logro de las metas y objetivos planteados. | I36: El programa no cuenta con un plan de mejoras.

Sheet Ficha Valoración - Amb Aprend 
A1: FICHA DE VALORACIÓN DE ENTORNOS DE APRENDIZAJE | G1: FICHA DE VALORACIÓN DE ENTORNOS DE APRENDIZAJE
A2: ESTÁNDAR: | B2: El programa ofrece a los estudiantes ambientes de aprendizaje y experimentación para los procesos educativos y académicos, que cuentan con los recursos físicos, instruccionales, tecnopedagógicos necesarios y suficientes para articular su diseño curricular y alcanzar los resultados de aprendizaje propuestos, con base en el modelo educativo de la institución; planifica su uso, mantenimiento y renovación de forma coordinada con la instancia institucional correspondiente, acorde a la modalidad del programa. | G2: ESTÁNDAR: | H2: El programa ofrece a los estudiantes ambientes de aprendizaje y experimentación para los procesos educativos y académicos, que cuentan con los recursos físicos, instruccionales, tecnopedagógicos necesarios y suficientes para articular su diseño curricular y alcanzar los resultados de aprendizaje propuestos, con base en el modelo educativo de la institución; planifica su uso, mantenimiento y renovación de forma coordinada con la instancia institucional correspondiente, acorde a la modalidad del programa.
A3: Elemento Fundamental | B3: a. Los ambientes de aprendizaje y/o experimentación que utiliza el programa, cuentan con las condiciones físicas y tecnológicas (aulas, entornos virtuales, conectividad, laboratorios, entre otros), necesarias y suficientes para el desarrollo de las actividades de enseñanza-aprendizaje, acorde al área de conocimiento, nivel de formación y modalidad de estudios. | G3: Elemento Fundamental | H3: a. Los ambientes de aprendizaje y/o experimentación que utiliza el programa, cuentan con las condiciones físicas y tecnológicas (aulas, entornos virtuales, conectividad, laboratorios, entre otros), necesarias y suficientes para el desarrollo de las actividades de enseñanza-aprendizaje, acorde al área de conocimiento, nivel de formación y modalidad de estudios.
A4: MODALIDAD: | B4: PRESENCIAL - SEMIPRESENCIAL | G4: MODALIDAD: | H4: EN LÍNEA - HÍBRIDA - A DISTANCIA
A5: Entornos de Aprendizaje Físicos | G5: Entornos de Aprendizaje Físicos
A6: Componentes | B6: ÍTEM | C6: Condiciones mínimas | D6: SI | E6: NO | G6: Componentes | H6: ÍTEM | I6: Condiciones mínimas | J6: SI | K6: NO
A7: Cuenta con aulas con condiciones físicas para el desarrollo de las actividades de enseñanza-aprendizaje. | B7: Aulas / Laboratorios | C7: Iluminación, ventilación, limpieza, pupitres funcionales para cada estudiante y pizarras funcionales, computadores, proyectores y conectividad a internet. | G7: Cuenta con infraestructura tecnológica para el funcionamiento de los entornos de aprendizaje. | H7: Servidores / Cloud | I7: Posee servidores e infraestructura de seguridad (hardware o software), para el funcionamiento y respaldo de la información.
A8: Cuenta con aulas con condiciones tecnológicas para el desarrollo de las actividades de enseñanza-aprendizaje, y con conectividad a internet.
A9: Cuenta con infraestructura tecnológica para el funcionamiento de los entornos de aprendizaje. | B9: Servidores / Cloud | C9: Posee servidores e infraestructura de seguridad (hardware o software), para el funcionamiento y respaldo de la información.
A10: Observaciones: | G10: Observaciones:
A12: Entorno Virtual de Aprendizaje (EVA) | G12: Entorno Virtual de Aprendizaje (EVA)
A13: Componentes | B13: ÍTEM | C13: Condiciones mínimas | D13: SI | E13: NO | G13: Componentes | H13: ÍTEM | I13: Condiciones mínimas | J13: SI | K13: NO
A14: El EVA que usa la institución permite que los estudiantes aprovechen las potencialidades de la plataforma. | B14: EVA | C14: Acceso permanente al EVA mediante el Internet | G14: El EVA que usa la institución permite que los estudiantes aprovechen las potencialidades de la plataforma. | H14: EVA | I14: Acceso permanente al EVA mediante el Internet
A15: El EVA posee un hosting y dominio con accesibilidad 24/7 a Internet. | G15: El EVA posee un hosting y dominio con accesibilidad 24/7 a Internet.
A16: La estructura del EVA contempla recursos tecnopedagógicos. | C16: La estructura del EVA está diseñada con base en un estructura tecnopedagógica (modelo educativo institucional), como por ejemplo que contemple por lo menos una teoría de aprendizaje (cognitivismo, constructivismo, conectivismo, entre otros), metodología de enseñanza (ERCA, PACIE, Flipped Classroom, ABP, entre otras); y, estrategias didácticas (colaborativas, gamificación, Inteligencia Artificial, web semántico y/o móvil, entre otras) | G16: La estructura del EVA contempla recursos tecnopedagógicos. | I16: La estructura del EVA está diseñada con base en un estructura tecnopedagógica (modelo educativo institucional), como por ejemplo que contemple por lo menos una teoría de aprendizaje (cognitivismo, constructivismo, conectivismo, entre otros), metodología de enseñanza (ERCA, PACIE, Flipped Classroom, ABP, entre otras); y, estrategias didácticas (colaborativas, gamificación, Inteligencia Artificial, web semántico y/o móvil, entre otras)
A17: El EVA contempla un diseño instruccional. | C17: Basado en un diseño instruccional como por ejemplo: ADDIE, GAGNE, MERRIL, entre otros. | G17: El EVA contempla un diseño instruccional. | I17: Basado en un diseño instruccional como por ejemplo: ADDIE, GAGNE, MERRIL, entre otros.
A18: El EVA contempla actividades sincrónicas y asincrónicas, con base en herramientas colaborativas. | C18: Actividades sincrónicas como parte del número de horas en contacto con el docente, mediante plataformas como por ejemplo: ZOOM, Microsoft Teams, Meet, entre otras; y, actividades asincrónicas como por ejemplo con foros, wikis, tareas, lecciones, evaluaciones, entre otras. | G18: El EVA contempla actividades sincrónicas y asincrónicas, con base en herramientas colaborativas. | I18: Actividades sincrónicas como parte del número de horas en contacto con el docente, mediante plataformas como por ejemplo: ZOOM, Microsoft Teams, Meet, entre otras; y, actividades asincrónicas como por ejemplo con foros, wikis, tareas, lecciones, evaluaciones, entre otras.
A19: El EVA refuerza, apoya y contribuye positivamente a la interacción en la educación de la modalidad presencial y/o semipresencial. | C19: El EVA es utilizado como un apoyo al proceso de enseñanza-aprendizaje en la modalidad presencial y/o semipresencial. | G19: El EVA es el medio por el cual se desarrolla el proceso enseñanza-aprendizaje de la modalidad híbrida, en línea y a distancia. | I19: El EVA es utilizado como el medio al proceso de enseñanza-aprendizaje en la modalidad híbrida, en línea y a distancia.
A20: Observaciones: | G20: Observaciones:

Sheet Acervo Bibliográfico
A1: FICHA DE VALORACIÓN DE ACERVO BIBLIOGRÁFICO
A2: ESTÁNDAR: | B2: El programa cuenta con bases bibliográficas digitales de alcance mundial, regional y local; bibliotecas físicas y otros recursos de información necesarios que apoyen los procesos de enseñanza - aprendizaje, relacionados con el campo de conocimiento de Educación.
A3: Elemento Fundamental | B3: El programa demuestra el acceso y uso de a las bases bibliográficas físicas y digitales de alcance mundial, regional, entre otros, relacionadas con el campo de conocimiento de Educación.
A4: La valoración establece una escala entre 1 a 5, donde 1 es la calificación mínima y 5 máxima.
A5: Item | B5: Bibliotecas y repositorios digitales | C5: Clave
A6: 1 | B6: La carrera ha definido mecanismos y procedimientos para garantizar el acceso, funcionamiento y soporte técnico de las bibliotecas virtuales, base de datos y repositorios digitales a estudiantes y profesores. | C6: 1
A7: 2 | B7: Los centros de apoyo brindan soporte para el acceso a las bibliotecas y repositorios digitales. | C7: 2
A8: 3 | B8: Existen procedimientos explícitos de articulación que permiten actualizar el acervo bibliográfico digital para satisfacer las necesidades académicas científicas de la carrera. | C8: 1
A9: 4 | B9: Se evidencia que las necesidades académicas son gestionadas para incrementar el acervo de los recursos bibliotecarios virtuales, base de datos y repositorios digitales. | C9: 2
A10: 5 | B10: Se utilizan materiales de aprendizaje con contenido multimedia y recursos de la web para el desarrollo de la asignatura considerando estrategias pedagógicas. | C10: 2
A11: 6 | B11: Existe coherencia entre los contenidos disponibles en la biblioteca y repositorios digitales y las áreas académicas del currículo. | C11: 2
A12: TOTAL | C12: 10
A13: Valoración | C13: Resultados
A14: Cumplimiento | C14: De 21 a 30
A15: Cumplimiento parcial | C15: De 11 a 20
A16: Incumplimiento | C16: De 0 a 10
